 Dungeon Crawl Stone Soup version 0.31-a0-841-g038b102fc3 (webtiles) character file.

Game seed: 7494628989308800976

1470950 MackTheKnife the Cutthroat (level 27, 219/219 HPs)
             Began as a Gnoll Earth Elementalist on Sept 26, 2023.
             Was a High Priest of Nemelex Xobeh.
             Escaped with the Orb
             ... and 3 runes on Sept 27, 2023!
             The game lasted 03:58:52 (93121 turns).

MackTheKnife the Cutthroat (GnEE)                  Turns: 93121, Time: 03:58:52

Health: 219/219    AC: 26    Str: 21    XL:     27
Magic:  64/64      EV: 26    Int: 26    God:    Nemelex Xobeh [*****.]
Gold:   5447       SH: 12    Dex: 23    Spells: 4/64 levels left

rFire   + + +        a - +9 quick blade (elec) {shortrare=g}
rCold   + . .        V - +2 buckler
rNeg    + . .        W - quicksilver dragon scales {rare}
rPois   .            (helmet restricted)
rElec   .            F - +1 cloak of Misanthropy {rN+ rCorr Dex+2}
rCorr   +            x - +2 pair of gloves of Xeluh {Str+4}
SInv    +            U - +1 pair of boots {Fly}
Will    +++..        c - amulet of Ulailux {RegenMP rF+ rC+ Regen+ Dex+4}
Stlth   +++          s - ring "Ymnug" {*Corrode MP+9 Int+5 SInv}
HPRegen 1.36/turn    G - ring of Uxzeli {rF+++ MP+9 Str+6}
MPRegen 0.79/turn

%: corrode self (3%)
@: flying, studying 2 skills
A: fangs 1, strong nose, distributed training, horns 1, deterioration 2, dopey
1, strong 1, no potion heal 1, inability to read after injury 1
0: Orb of Zot
}: 3/15 runes: decaying, serpentine, silver
a: Renounce Religion, Draw Escape, Draw Destruction, Draw Summoning, Draw Stack,
Triple Draw, Deal Four, Stack Five


You escaped.
You worshipped Nemelex Xobeh.
Nemelex Xobeh was extremely pleased with you.
You visited 11 branches of the dungeon, and saw 50 of its levels.
You visited 1 bazaar.
You also visited: Trove and Ice Cave.

You collected 8117 gold pieces.
You spent 2670 gold pieces at shops.


Innate Abilities, Weirdness & Mutations

You have very sharp teeth.
Your uncanny sense of smell can sniff out nearby items.
Your experience applies equally to all skills.
You have a pair of small horns on your head.
Your body often deteriorates upon taking damage.
You are dopey. (Int -2)
Your muscles are strong. (Str +4, Int/Dex -1)
Potions are less effective at restoring your health.
You occasionally lose the ability to read scrolls when taking damage.


   Skills:
 + Level 18.6 Fighting
 + Level 22.2 Short Blades
 + Level 18.6 Long Blades
 + Level 18.6 Axes
 + Level 18.6 Maces & Flails
 + Level 18.6 Polearms
 + Level 18.6 Staves
 + Level 18.6 Ranged Weapons
 + Level 18.6 Throwing
 + Level 18.6 Armour
 + Level 19.1 Dodging
 + Level 19.0 Stealth
 + Level 18.6 Shields
 + Level 18.6 Unarmed Combat
 + Level 19.2 Spellcasting
 + Level 15.9 Conjurations
 + Level 15.9 Hexes
 + Level 15.9 Summonings
 + Level 15.9 Necromancy
 + Level 15.9 Translocations
 + Level 16.0 Transmutations
 + Level 16.3 Fire Magic
 + Level 15.9 Ice Magic
 + Level 15.9 Air Magic
 + Level 16.7 Earth Magic
 + Level 15.9 Poison Magic
 + Level 20.2 Invocations
 + Level 18.6 Evocations
 + Level 17.2 Shapeshifting


You had 4 spell levels left.
You knew the following spells:

 Your Spells              Type           Power      Damage    Failure   Level
a - Sandblast             Erth           100%       2d20      0%          1
b - Stone Arrow           Conj/Erth      100%       3d13      0%          3
c - Foxfire               Conj/Fire      100%       2x1d9     0%          1
d - Maxwell's Capacitive  Air            41%        ∞         26%         8
e - Freezing Cloud        Conj/Ice/Air   41%        6-21      1%          5
g - Borgnjor's Vile Clut  Necr/Erth      41%        N/A       1%          5
h - Summon Mana Viper     Hex/Summ       82%        N/A       1%          5
i - Plasma Beam           Fire/Air       41%        2x1d55    1%          6
j - Spellforged Servitor  Conj/Summ      41%        N/A       3%          7
k - Malign Gateway        Summ/Tloc      41%        N/A       3%          7
l - Haunt                 Necr/Summ      41%        N/A       3%          7
L - Blink                 Tloc           100%       N/A       0%          2
T - Swiftness             Air            82%        N/A       0%          3

Your spell library contained the following spells:

 Spells                   Type           Power      Damage    Failure   Level
 Apportation              Tloc           100%       N/A       0%          1
 Freeze                   Ice            100%       1d10      0%          1
 Magic Dart               Conj           100%       1d8       0%          1
 Necrotise                Necr           100%       1d9       0%          1
 Shock                    Conj/Air       100%       1d9       0%          1
 Slow                     Hex            100%       N/A       0%          1
 Summon Small Mammal      Summ           100%       N/A       0%          1
 Call Imp                 Summ           100%       N/A       0%          2
 Ensorcelled Hibernation  Hex/Ice        100%       N/A       0%          2
 Lesser Beckoning         Tloc           100%       N/A       0%          2
 Momentum Strike          Conj/Tloc      100%       3d10      0%          2
 Passwall                 Tmut/Erth      70%        N/A       0%          2
 Poisonous Vapours        Pois/Air       100%       N/A       0%          2
 Scorch                   Fire           100%       2d9       0%          2
 Searing Ray              Conj           100%       2d8       0%          2
 Call Canine Familiar     Summ           82%        N/A       0%          3
 Confusing Touch          Hex            82%        N/A       0%          3
 Frozen Ramparts          Ice            100%       1d16      0%          3
 Gell's Gravitas          Tloc           82%        N/A       0%          3
 Hailstorm                Conj/Ice       82%        3d17      0%          3
 Ignite Poison            Fire/Tmut/Pois 83%        N/A       0%          3
 Mephitic Cloud           Conj/Pois/Air  82%        N/A       0%          3
 Sigil of Binding         Hex            82%        N/A       0%          3
 Summon Guardian Golem    Hex/Summ       82%        N/A       0%          3
 Teleport Other           Tloc           82%        N/A       0%          3
 Tukima's Dance           Hex            82%        N/A       0%          3
 Vampiric Draining        Necr           82%        2d11      0%          3
 Volatile Blastmotes      Fire/Tloc      100%       2d18      0%          3
 Airstrike                Air            41%        2d(6-22)  1%          4
 Anguish                  Hex/Necr       41%        N/A       1%          4
 Animate Armour           Summ/Erth      100%       N/A       1%          4
 Brom's Barrelling Bould  Conj/Erth      83%        2d9       1%          4
 Cause Fear               Hex            41%        N/A       1%          4
 Dimensional Bullseye     Hex/Tloc       41%        N/A       1%          4
 Flame Wave               Conj/Fire      83%        2d18      1%          4
 Fulminant Prism          Conj/Hex       41%        3d19      1%          4
 Iskenderun's Mystic Bla  Conj/Tloc      82%        2d16      1%          4
 Manifold Assault         Tloc           82%        N/A       1%          4
 Passage of Golubria      Tloc           82%        N/A       1%          4
 Petrify                  Tmut/Erth      84%        N/A       1%          4
 Summon Ice Beast         Ice/Summ       82%        N/A       1%          4
 Vhi's Electric Charge    Tloc/Air       100%       N/A       1%          4
 Alistair's Intoxication  Tmut/Pois      55%        N/A       1%          5
 Arcjolt                  Conj/Air       41%        1d51      1%          5
 Metabolic Englaciation   Hex/Ice        41%        N/A       1%          5
 Silence                  Hex/Air        41%        N/A       1%          5
 Summon Forest            Summ/Tloc      41%        N/A       1%          5
 Conjure Ball Lightning   Conj/Air       41%        3x3d13    1%          6
 Dispersal                Tloc           41%        N/A       1%          6
 Eringya's Noxious Bog    Tmut/Pois      41%        4d6       1%          6
 Simulacrum               Ice/Necr       41%        N/A       1%          6
 Starburst                Conj/Fire      41%        6d12      1%          6
 Summon Cactus Giant      Summ           41%        N/A       1%          6
 Enfeeble                 Hex            41%        N/A       3%          7
 Orb of Destruction       Conj           41%        9d11      3%          7
 Lehudib's Crystal Spear  Conj/Erth      41%        10d10     22%         8
 Borgnjor's Revivificati  Necr           41%        N/A       26%         8
 Discord                  Hex            41%        N/A       26%         8
 Disjunction              Tloc           41%        N/A       26%         8
 Summon Horrible Things   Summ           41%        N/A       26%         8
 Shatter                  Erth           42%        3d33*     95%         9
 Chain Lightning          Conj/Air       41%        3d54      98%         9
 Death's Door             Necr           41%        N/A       98%         9
 Fire Storm               Conj/Fire      41%        8d11      98%         9
 Polar Vortex             Ice            41%        12d5*     98%         9

Inventory:

Hand Weapons
 a - a +9 quick blade of electrocution (weapon) {shortrare=g}
   (You subdued it on level 2 of the Elven Halls)
 b - the +7 sling of Impatience {speed, Int+4 Stlth+}
   (You found it on level 3 of the Elven Halls)

   Int+4:     It affects your intelligence (+4).
   Stlth+:    It makes you more stealthy.
Armour
 x - the +2 pair of gloves of Xeluh (worn) {Str+4}
   (You found it on level 5 of the Vaults)

   Str+4:     It affects your strength (+4).
 F - the +1 cloak of Misanthropy (worn) {rN+ rCorr Dex+2}
   (You found it on level 1 of the Lair of Beasts)

   Dex+2:     It affects your dexterity (+2).
   rN+:       It protects you from negative energy.
   rCorr:     It protects you from acid and corrosion.
 U - a +1 pair of boots of flying (worn)
   (You found it on level 5 of the Vaults)
 V - a +2 buckler (worn)
   (You took it off a spriggan defender on level 2 of the Depths)
 W - quicksilver dragon scales (worn) {rare}
   (You found it on level 2 of the Depths)
 Y - a +2 helmet of intelligence
   (You found it on level 14 of the Dungeon)
Jewellery
 c - the amulet of Ulailux (around neck) {RegenMP rF+ rC+ Regen+ Dex+4}
   (You bought it in a shop on level 4 of the Snake Pit)

   [amulet of magic regeneration]

   RegenMP:   It increases your rate of magic regeneration.
   Dex+4:     It affects your dexterity (+4).
   rF+:       It protects you from fire.
   rC+:       It protects you from cold.
   Regen+:    It increases your rate of health regeneration.
 s - the ring "Ymnug" (left hand) {*Corrode MP+9 Int+5 SInv}
   (You took it off an ironbound convoker on level 5 of the Vaults)

   [ring of see invisible]

   Int+5:     It affects your intelligence (+5).
   MP+9:      It affects your magic capacity (+9).
   SInv:      It lets you see invisible.
   *Corrode:  It may corrode you when you take damage.
 E - a ring of willpower
   (You found it on level 1 of the Crypt)
 G - the ring of Uxzeli (right hand) {rF+++ MP+9 Str+6}
   (You took it off a deep elf demonologist on level 3 of the Elven Halls)

   [ring of strength]

   Str+6:     It affects your strength (+6).
   rF+++:     It renders you almost immune to fire.
   MP+9:      It affects your magic capacity (+9).
Talismans
 d - a granite talisman
   (You took it off Roxanne on level 3 of the Swamp)
Wands
 h - a wand of charming (58)
   (You found it on level 2 of the Lair of Beasts)
 j - a wand of acid (17)
   (You took it off a deep elf pyromancer on level 3 of the Elven Halls)
 q - a wand of digging (5)
   (You found it on level 3 of the Depths)
 r - a wand of mindburst (50)
   (You found it on level 1 of the Snake Pit)
 K - a wand of roots (32)
   (You found it on level 14 of the Dungeon)
 N - a wand of flame (86)
   (You found it on level 9 of the Dungeon)
 S - a wand of polymorph (30)
   (You found it on level 2 of the Swamp)
Scrolls
 e - 7 scrolls of immolation {!r!r}
 f - 4 scrolls of vulnerability {!r!r}
 k - 8 scrolls of fear
 l - 3 scrolls of butterflies
 o - 6 scrolls of enchant armour
 u - 16 scrolls of teleportation {@r4}
 A - 6 scrolls of fog
 I - 5 scrolls of poison {!r}
 M - 14 scrolls of identify {@r1}
 X - 3 scrolls of blinking {!r}
Potions
 g - 5 potions of berserk rage {!q}
 i - 10 potions of brilliance
 m - 7 potions of might
 n - 5 potions of cancellation
 v - 14 potions of curing {@q1}
 w - 5 potions of attraction {!q}
 z - 3 potions of enlightenment
 B - 4 potions of invisibility
 C - 13 potions of heal wounds {@q2}
 D - 4 potions of lignification {!q}
 J - 4 potions of ambrosia
 L - 4 potions of resistance
 T - 4 potions of haste {@q3}
 Z - 7 potions of magic
Miscellaneous
 p - a phial of floods
   (You found it on level 1 of the Lair of Beasts)
 t - a sack of spiders
   (You found it on level 4 of the Vaults)
 y - a lightning rod (4/4)
   (You found it on level 5 of the Vaults)
 Q - a phantom mirror
   (You found it on level 5 of the Lair of Beasts)
 R - a condenser vane
   (You found it on level 14 of the Dungeon)

Dungeon Overview and Level Annotations

Branches:
Dungeon (15/15)            Temple (1/1) D:6            Lair (5/5) D:8
  Swamp (4/4) Lair:3        Snake (4/4) Lair:3        Slime (0/5) Lair:5
    Orc (2/2) D:9             Elf (3/3) Orc:2        Vaults (5/5) D:14
  Crypt (2/3) Vaults:3     Depths (4/4) D:15            Zot (5/5) Depths:4
  IceCv (visited)

Altars:
Ashenzari
Cheibriados
Dithmenos
Elyvilon
Fedhas
Gozag
Hepliaklqana
Kikubaaqudgha
Makhleb
Nemelex Xobeh
Okawaru
Qazlal
Ru
Sif Muna
Trog
Uskayaw
Vehumet
Wu Jian
Xom
Yredelemnul
Zin
The Shining One
Jiyva

Shops:
D:1 :   D:8 *   Orc:2 ((*!   Snake:2 (((   Snake:4 ::=   Depths:2 (

Portals:
Hell: Depths:1 Depths:2 Depths:3 Depths:4
Abyss: Depths:1 Depths:3 Depths:4
Pandemonium: Depths:2
Ziggurat: Depths:1

Annotations:
D:4 Natasha
D:8 exclusion: downstairs
Lair:4 exclusion: downstairs
Depths:1 exclusion: downstairs
Zot:2 exclusion: door

#########
#≈.~~..@#
#P.≈.####
#.≈~.~P.#
####
#~~≈.~≈.#
...#
#~~~.~≈.#
##.#
#.P.P.~P# #.#
#..≈PP.~# #.#
##'#####'#
#.#
####........#


There were no monsters in sight!


Message History

You are covered in liquid flames!
Things that are here:
a +0 dagger {short}; a +0 orcbow You are covered in liquid flames!
Things that are here:
a +0 plate armour; a +0 hand axe {axe}
Casting: Spellforged Servitor (mildly dangerous; 3% risk of failure)
Confirm with . or Enter, or press ? or * to list all spells.
You summon a servant imbued with your destructive magic!
You are covered in liquid flames! 😎 MP[-6]
You lost 6 mp, and now have 58/64 mp.
Your spellforged servitor casts a spell.
The bolt of lightning hits the smoke demon!!!
The smoke demon dies!
The bolt of lightning hits the hellwing!!
The fiery plasma hits the hellwing! 😎 MP[+1]
The hellwing barely misses your spellforged servitor.
The hellwing closely misses your spellforged servitor.
Your spellforged servitor mumbles some strange words.
The bolt of lightning hits the hellwing!!
The hellwing dies! 😎 MP[+1] 😎 MP[+1]
You see here a +0 hand axe {axe}. 😎 MP[+1] 😎 MP[+1] 😎 MP[+1]
Your mp is fully restored (64).
There is a stone staircase leading up here.
Your spellforged servitor mumbles some strange words.
The bolt of lightning hits the Executioner!
The Executioner resists.
The fiery plasma misses the Executioner.
You fly upwards.
Level annotation: exclusion: downstairs
There is a stone staircase leading down here.
What level of the Dungeon? (default 9, ? - help)
There is a stone staircase leading up here.
You fly upwards.
There is a stone staircase leading down here.
There is a stone staircase leading up here.
You fly upwards.
There is a stone staircase leading down here.
A Tzitzimitl comes into view.
Unknown command.
Aiming: Dig
Press: ? - help, Shift-Dir - straight line A rock wall.
This square is covered in magical glow.
The rock shatters into small pieces.
A shadow demon comes into view.
There is a stone staircase leading up here.
The shadow demon hits you but does no damage.
You fly upwards.
There is a stone staircase leading down here.
You puncture the shadow demon!
You headbutt the shadow demon, but do no damage.
You puncture the shadow demon! You headbutt the shadow demon.
Your bite misses the shadow demon. You puncture the shadow demon!
Lightning courses through the shadow demon!
You headbutt the shadow demon, but do no damage.
You hit the shadow demon. Your headbutt misses the shadow demon.
You bite the shadow demon, but do no damage.
The shadow demon gestures.
You hit the shadow demon. x2; You headbutt the shadow demon.
You hit the shadow demon but do no damage.
You headbutt the shadow demon. You closely miss the shadow demon.
You bite the shadow demon, but do no damage.
The quokka completely misses you. You block the white imp's attack.
The shadow demon gestures.
You puncture the shadow demon!
You kill the shadow demon!
The black bear dissolves into shadows!
The white imp dissolves into shadows!
The quokka dissolves into shadows!
The adder dissolves into shadows!
What level of the Dungeon? (default 1, ? - help)
There is a stone staircase leading up here.
You fly upwards.
Level annotation: Natasha
There is a stone staircase leading down here.
A seraph and an angel come into view.
The seraph is wielding a +5 great sword of flaming.
The angel is wielding a +1 sacred scourge of holy wrath.
Unknown command.
The angel shouts!
There is a stone staircase leading up here.
The seraph gestures.
You fly upwards.
There is a stone staircase leading down here.
There is a stone staircase leading up here.
You fly upwards.
There is a stone staircase leading down here.
There is a stone staircase leading up here.
You fly upwards.
There is a stone staircase leading down here.
You reach down and open the door.
There is an open door here.
There is a staircase leading out of the dungeon here.
You have escaped!

Skill      XL: |  1  2  3  4  5  6  7  8  9 10 11 12 13 14 15 16 17 18 19 20 21 22 23 24 25 26 27 |
---------------+----------------------------------------------------------------------------------+-----
Transmutations | 2 3 4 5 6 7 8 9 10 11 12 13 14 15 16 | 16.0
Spellcasting   | 5 6 7 8 9 10 11 12 13 14 15 16 17 18 19 | 19.2
Invocations    | 1 2 3 4 5 6 7 8 9 10 11 12 13 14 15 16 17 18 19 20 | 20.2
Fighting       | 1 2 3 4 5 6 7 9 10 11 12 13 14 15 16 17 18 | 18.6
Short Blades   | 1 2 3 4 5 6 7 9 10 11 12 13 15 16 17 18 20 21 22 | 22.2
Long Blades    | 1 2 3 4 5 6 7 9 10 11 12 13 14 15 16 17 18 | 18.6
Axes           | 1 2 3 4 5 6 7 9 10 11 12 13 14 15 16 17 18 | 18.6
Maces & Flails | 1 2 3 4 5 6 7 9 10 11 12 13 14 15 16 17 18 | 18.6
Polearms       | 1 2 3 4 5 6 7 9 10 11 12 13 14 15 16 17 18 | 18.6
Staves         | 1 2 3 4 5 6 7 9 10 11 12 13 14 15 16 17 18 | 18.6
Ranged Weapons | 1 2 3 4 5 6 7 9 10 11 12 13 14 15 16 17 18 | 18.6
Throwing       | 1 2 3 4 5 6 7 9 10 11 12 13 14 15 16 17 18 | 18.6
Armour         | 1 2 3 4 5 6 7 9 10 11 12 13 14 15 16 17 18 | 18.6
Shields        | 1 2 3 4 5 6 7 9 10 11 12 13 14 15 16 17 18 | 18.6
Unarmed Combat | 1 2 3 4 5 6 7 9 10 11 12 13 14 15 16 17 18 | 18.6
Evocations     | 1 2 3 4 5 6 7 9 10 11 12 13 14 15 16 17 18 | 18.6
Shapeshifting  | 1 2 3 4 5 6 7 8 9 10 11 12 13 14 15 16 17 | 17.2
Conjurations   | 1 2 3 4 5 6 7 8 9 10 11 12 13 14 15 | 15.9
Hexes          | 1 2 3 4 5 6 7 8 9 10 11 12 13 14 15 | 15.9
Summonings     | 1 2 3 4 5 6 7 8 9 10 11 12 13 14 15 | 15.9
Necromancy     | 1 2 3 4 5 6 7 8 9 10 11 12 13 14 15 | 15.9
Translocations | 1 2 3 4 5 6 7 8 9 10 11 12 13 14 15 | 15.9
Fire Magic     | 1 2 3 4 5 6 7 8 9 10 11 12 13 14 15 16 | 16.3
Ice Magic      | 1 2 3 4 5 6 7 8 9 10 11 12 13 14 15 | 15.9
Air Magic      | 1 2 3 4 5 6 7 8 9 10 11 12 13 14 15 | 15.9
Poison Magic   | 1 2 3 4 5 6 7 8 9 10 11 12 13 14 15 | 15.9
Dodging        | 5 6 7 8 9 10 11 12 13 14 15 16 17 18 19 | 19.1
Stealth        | 5 6 7 8 9 10 11 12 13 14 15 16 17 18 19 | 19.0
Earth Magic    | 6 7 8 9 10 11 12 13 14 15 16 | 16.7

Action                     |  1- 3 |  4- 6 |  7- 9 | 10-12 | 13-15 | 16-18 | 19-21 | 22-24 | 25-27 || total
---------------------------+-------+-------+-------+-------+-------+-------+-------+-------+-------++-------
  Melee: Long sword        |       |    14 |    82 |    74 |       |       |       |       |       ||   170
         Bite              |       |       |     6 |    11 |    66 |    22 |    17 |    28 |   140 ||   290
         Punch             |       |       |     2 |       |       |       |       |       |       ||     2
         Quarterstaff      |       |       |       |    10 |   341 |    57 |    27 |       |       ||   435
         Staff             |       |       |       |       |       |    44 |     6 |       |       ||    50
         Quick blade       |       |       |       |       |       |       |    34 |   136 |   613 ||   783
         Headbutt          |       |       |       |       |       |       |       |       |    32 ||    32
   Fire: Sling             |       |       |       |       |       |       |   119 |    51 |    10 ||   180
  Throw: Dart              |       |       |       |     8 |     2 |       |       |       |       ||    10
   Cast: Sandblast         |    47 |    43 |     7 |    17 |       |       |       |       |       ||   114
         Foxfire           |       |    76 |   177 |   111 |     3 |       |       |       |       ||   367
         Stone Arrow       |       |       |    47 |   136 |   201 |   279 |   193 |    15 |    11 ||   882
         Summon Guardian G |       |       |    17 |    52 |    35 |     9 |     1 |       |     1 ||   115
         Brom's Barrelling |       |       |       |    10 |    45 |     6 |       |       |       ||    61
         Swiftness         |       |       |       |     1 |     1 |     1 |       |       |       ||     3
         Freezing Cloud    |       |       |       |       |    90 |   115 |    80 |    12 |    10 ||   307
         Borgnjor's Vile C |       |       |       |       |    83 |   158 |   145 |    76 |    65 ||   527
         Summon Mana Viper |       |       |       |       |    26 |    76 |    51 |     4 |     7 ||   164
         Plasma Beam       |       |       |       |       |       |       |    34 |    23 |    10 ||    67
         Spellforged Servi |       |       |       |       |       |       |    30 |   107 |   130 ||   267
         Malign Gateway    |       |       |       |       |       |       |     7 |    33 |    39 ||    79
         Haunt             |       |       |       |       |       |       |       |       |     7 ||     7
 Invoke: Draw Destruction  |       |       |       |    10 |    21 |    39 |    15 |       |       ||    85
         Draw Summoning    |       |       |       |     1 |     5 |    11 |     3 |     6 |     7 ||    33
         Triple Draw       |       |       |       |       |     1 |       |       |       |       ||     1
         Draw Stack        |       |       |       |       |       |     3 |     1 |       |       ||     4
         Stack Five        |       |       |       |       |       |     1 |       |       |     1 ||     2
         Draw Escape       |       |       |       |       |       |       |     1 |       |       ||     1
         Deal Four         |       |       |       |       |       |       |       |       |     1 ||     1
  Evoke: Wand              |       |     1 |       |     5 |     4 |     2 |     6 |       |     6 ||    24
         Phantom mirror    |       |       |       |       |     1 |     2 |     1 |       |     2 ||     6
         Phial of floods   |       |       |       |       |       |     1 |       |     1 |     2 ||     4
         Sack of spiders   |       |       |       |       |       |       |       |     1 |       ||     1
         Condenser vane    |       |       |       |       |       |       |       |       |     1 ||     1
    Use: Scroll            |       |     4 |     1 |    18 |     4 |     4 |     7 |     8 |    19 ||    65
         Potion            |       |       |       |       |     3 |       |     1 |     2 |    19 ||    25
   Stab: Sleeping          |       |       |     1 |     4 |       |       |       |       |     4 ||     9
         Petrified         |       |       |       |       |     1 |     1 |       |       |       ||     2
         Distracted        |       |       |       |       |     2 |     2 |     1 |     1 |     8 ||    14
         Petrifying        |       |       |       |       |       |       |     2 |       |       ||     2
 Armour: Robe              |     2 |    17 |    34 |    16 |    14 |       |   134 |    71 |       ||   288
         Steam dragon scal |       |       |       |    52 |   107 |       |       |       |       ||   159
         Leather armour    |       |       |       |       |    53 |   146 |     6 |       |       ||   205
         Swamp dragon scal |       |       |       |       |       |    80 |    45 |       |       ||   125
         Quicksilver drago |       |       |       |       |       |       |       |    24 |    60 ||    84
         Skin              |       |       |       |       |       |       |       |       |   267 ||   267
  Dodge: Dodged            |     8 |    41 |   136 |   212 |   520 |   372 |   272 |   178 |   474 ||  2213
  Block: Buckler           |       |       |       |    44 |       |    94 |    75 |    85 |   283 ||   581
   Form: Statue            |       |       |       |       |       |     2 |       |     1 |     4 ||     7
                           |       |       |       |       |       |     2 |       |     1 |     4 ||     7

Levels and vault maps discovered:
D:1:      lightli_arrival_flooded_house, layout_loops_ring, serial_shops, shop,
          amethyst_killhole, chequers_serial_rivers_marsh
D:2:      layout_rooms
D:3:      minmay_evil_eye, layout_basic
D:4:      layout_rooms, serial_undead, serial_undead_c, serial_undead_d,
          serial_undead_b, serial_undead_a, serial_undead_a, uniq_menkaure,
          uniq_natasha
D:5:      layout_basic, fedhas_altar_1, columned_hall_lemuel
D:6:      layout_loops_cross, mainiacjoe_overflow_paths,
          nicolae_overflow_squiral, temple_doors_e
D:7:      layout_loops_ring, lightli_temple_of_fire, dk_vineyard_3
D:8:      layout_basic, erik_lair_island, serial_shops, shop,
          uniq_prince_ribbit1
D:9:      layout_rooms, kennysheep_mini_moat, elyvilon_altar_1, david_orc_5,
          grunt_decor_clamped, grunt_ministairs_12
D:10:     layout_long_grid, kennysheep_generic_room_13
D:11:     layout_irregular_city
D:12:     layout_irregular_city, portal_ice_cave_entry_ice_simulacra,
          uniq_josephine, uniq_nergalle
D:13:     layout_stronghold
D:14:     kennysheep_big_flooded_room, layout_long_grid,
          grunt_vaults_entry_fortified, hangedman_decor_opposing,
          gammafunk_ghost_ooze, evilmike_minifort
D:15:     grunt_enter_depths_hoard, layout_gridville, hex_medium,
          serial_bayou_pond_c
Temple:   minmay_freezing_vapour_temple
Lair:1:   layout_cave_pods, infiniplex_staircase_pool_2, grunt_megastairs_4,
          uniq_maggie, uniq_grum
Lair:2:   layout_misc_corridors
Lair:3:   layout_gridlike, nicolae_swamp_entry_splash_gauntlet,
          nicolae_snake_entry_warm_welcome, kilobyte_rumbling_trees
Lair:4:   layout_regular_city, basic_altar, infiniplex_staircase_pool
Lair:5:   minmay_lair_end_frog_pond, layout_regular_city,
          nicolae_slime_entry_field_trip
Swamp:1:  layout_basic_swamp, hangedman_swamp_diagram, swamp_pool1
Swamp:2:  layout_basic_swamp, evilmike_swamp_ruin_rubble_2
Swamp:3:  layout_falls_marsh, nicolae_swamp_rocky_clearing, swamp_pool1,
          uniq_bai_suzhen, uniq_roxanne
Swamp:4:  byrel_swamp_growth_death_and_undeath, layout_basic_swamp, swamp_pool1,
          nicolae_swamp_bean_lake
Snake:1:  layout_concentric_octagons, basic_altar, serial_bayou_pond_a,
          grunt_ministairs_1, nicolae_snake_gridmaze_squiggle
Snake:2:  nrook_guardian_serpent_snake_passage, layout_onion,
          grunt_megastairs_2, minmay_shop_star, lemuel_fruit_tree, uniq_jorgrun
Snake:3:  layout_cave_town, nicolae_snake_magic_snake_eye, uniq_louise,
          uniq_kirke, uniq_aizul
Snake:4:  snake_pit, layout_cave_town, minmay_shop_grove, uniq_vashnia,
          uniq_saint_roka, uniq_mlioglotl
Orc:1:    layout_caves, uniq_erolcha
Orc:2:    st_orc_ogre_mass, layout_diamond_mine
Elf:1:    elf_arrival_001, layout_rooms, hangedman_elven_crosses_minicolossus
Elf:2:    nicolae_elf_blades_splatter_lattice [grunt_blade_entry_basic],
          layout_geoelf_grid, grunt_ministairs_7
Elf:3:    minmay_elf_hall_quartered_circle, layout_geoelf_castle, serial_shops,
          bzr_entry_road, nicolae_elf_stone_circles, uniq_asterion
Vaults:1: st_star, ontoclasm_vaults_decontamination, hangedman_vaults_maws,
          nicolae_vaults_shrinking_rooms_2, nicolae_vaults_closet_pinwheel_3,
          nicolae_vaults_closet_pinwheel_4, vaults_mumra_hex,
          nicolae_vaults_storage_closets_3, vaults_dpeg_ring,
          nicolae_vaults_double_plus_2, nicolae_vaults_apartment_1,
          layout_vaults_quadrants, uniq_zenata
Vaults:2: hangedman_vaults_hat, nicolae_vaults_statue_guard,
          nicolae_vaults_tetromino_L_2, nicolae_vaults_trapezoid_lopsided_2,
          v_misc_33, hangedman_vaults_corner_blocks,
          nicolae_vaults_weapon_check, grunt_vaults_funnel, v_rooms_5,
          hangedman_vaults_slither, vaults_room_octagon,
          nicolae_vaults_storage_room_glass, layout_vaults_maze, enter_trove_2
Vaults:3: nicolae_vaults_shipping_containers_2, minmay_crypt_entry_necro_gods,
          nicolae_vaults_apartment_2, vaults_room_fours,
          ontoclasm_vaults_loading_screen, nicolae_vaults_trapezoid_lopsided_4,
          nicolae_vaults_closet_pinwheel_3, nicolae_vaults_tetromino_Z_1,
          nicolae_vaults_closet_pinwheel_4, nicolae_vaults_ninety_degrees,
          nicolae_vaults_little_squares_6, layout_vaults_omnibox
Vaults:4: vaults_standard_mumra_x, st_hourglassy, v_pattern_4,
          nicolae_vaults_layer_cake_slice, vaults_room_pools,
          ontoclasm_vaults_ligature, nicolae_vaults_storage_closets_1,
          ontoclasm_vaults_ring_square, nicolae_vaults_theta,
          nicolae_vaults_hallways_thing, v_misc_5, ontoclasm_vaults_pinch,
          nicolae_vaults_six-pack, layout_vaults_big_cross
Vaults:5: serial_shops, uniq_margery, uniq_boris, uniq_sojobo
Crypt:1:  layout_chaotic_city, grunt_crypt_arrival_webbed, uniq_mennas
Crypt:2:  layout_gridlike
Depths:1: layout_cave_shapes, enter_ziggurat_e, abyss_entry, hell_entry,
          wad_floor_pattern_untrapped, hallowed_hall, grunt_megastairs_3
Depths:2: minmay_octagon_city, layout_basic, grunt_hell_entry_dis_grunt,
          serial_shops, shop_statue, nicolae_concentric_dashed_squares_wild,
          grunt_pan_entry_spiral, drop_trap, uniq_nikola
Depths:3: dreamdust_tengu_aerie, layout_basic, abyss_entry, lightli_too_deep,
          grunt_decor_arrowhead, drop_trap, minmay_guarded_unrand_curses,
          infiniplex_staircase_x
Depths:4: grunt_twist_and_shout, layout_basic, pf_coc_iceberg,
          solitary_fountain, nicolae_abyss_entry_one_way_or_another,
          lemuel_old_faithful
Zot:1:    layout_gridlike, grunt_ministairs_2
Zot:2:    layout_cellular_growth, nicolae_rock_paper_scissors, uniq_parghit
Zot:3:    dreamdust_black_sun_cult, layout_misc_corridors, gammafunk_ghost_arena
Zot:4:    nicolae_zot_stationary_front, layout_concentric_octagons,
          hangedman_zot_wheel_spokes, drop_trap
Zot:5:    layout_basic

Notes
Turn   | Place    | Note
-------+----------+-------------------------------------------
     0 | D:1      | MackTheKnife the Gnoll Earth Elementalist began the quest
                  | for the Orb.
     0 | D:1      | Reached XP level 1. HP: 13/13 MP: 6/6
     0 | D:1      | magus.rc [v1.9.6]
    58 | D:1      | You pick up a book of Hexes and begin reading...
    58 | D:1      | You add the spells Anguish, Cause Fear and Enfeeble to your
                  | library.
   135 | D:1      | Reached skill level 2 in Transmutations
   171 | D:1      | Reached XP level 2. HP: 19/19 MP: 5/7
   285 | D:1      | Found Siruogoil's Book Boutique.
   375 | D:1      | You fall into a shaft and drop 1 floor!
   667 | D:1      | Reached skill level 5 in Spellcasting
   667 | D:1      | Reached XP level 3. HP: 25/25 MP: 4/9
  1168 | D:2      | Learned a level 3 spell: Stone Arrow
  1350 | D:2      | Reached skill level 1 in Invocations
  1409 | D:2      | Reached skill level 1 in Fighting
  1409 | D:2      | Reached skill level 1 in Short Blades
  1409 | D:2      | Reached skill level 1 in Long Blades
  1409 | D:2      | Reached skill level 1 in Axes
  1409 | D:2      | Reached skill level 1 in Maces & Flails
  1409 | D:2      | Reached skill level 1 in Polearms
  1409 | D:2      | Reached skill level 1 in Staves
  1409 | D:2      | Reached skill level 1 in Ranged Weapons
  1409 | D:2      | Reached skill level 1 in Throwing
  1409 | D:2      | Reached skill level 1 in Armour
  1409 | D:2      | Reached skill level 1 in Shields
  1409 | D:2      | Reached skill level 1 in Unarmed Combat
  1409 | D:2      | Reached skill level 1 in Evocations
  1437 | D:2      | You pick up a book of Burglary and begin reading...
  1437 | D:2      | You add the spells Ensorcelled Hibernation and Swiftness to
                  | your library.
  1473 | D:2      | You pick up a book of Fire and begin reading...
  1473 | D:2      | You add the spells Foxfire, Plasma Beam and Starburst to
                  | your library.
  1476 | D:2      | Learned a level 1 spell: Foxfire
  1613 | D:3      | Reached skill level 1 in Shapeshifting
  1613 | D:3      | Reached XP level 4. HP: 32/32 MP: 8/11
  1844 | D:3      | Reached skill level 1 in Conjurations
  1844 | D:3      | Reached skill level 1 in Hexes
  1844 | D:3      | Reached skill level 1 in Summonings
  1844 | D:3      | Reached skill level 1 in Necromancy
  1844 | D:3      | Reached skill level 1 in Translocations
  1844 | D:3      | Reached skill level 1 in Fire Magic
  1844 | D:3      | Reached skill level 1 in Ice Magic
  1844 | D:3      | Reached skill level 1 in Air Magic
  1844 | D:3      | Reached skill level 1 in Poison Magic
  2785 | D:3      | Reached XP level 5. HP: 37/37 MP: 7/12
  3052 | D:4      | Noticed a phantom
  3082 | D:4      | Killed a phantom
  3167 | D:4      | Noticed Natasha
  3228 | D:4      | Reached skill level 2 in Invocations
  3228 | D:4      | Reached XP level 6. HP: 44/44 MP: 7/14
  3248 | D:4      | Reached skill level 5 in Dodging
  3413 | D:4      | Reached skill level 2 in Fighting
  3413 | D:4      | Reached skill level 2 in Short Blades
  3413 | D:4      | Reached skill level 2 in Long Blades
  3413 | D:4      | Reached skill level 2 in Axes
  3413 | D:4      | Reached skill level 2 in Maces & Flails
  3413 | D:4      | Reached skill level 2 in Polearms
  3413 | D:4      | Reached skill level 2 in Staves
  3413 | D:4      | Reached skill level 2 in Ranged Weapons
  3413 | D:4      | Reached skill level 2 in Throwing
  3413 | D:4      | Reached skill level 2 in Armour
  3413 | D:4      | Reached skill level 2 in Shields
  3413 | D:4      | Reached skill level 2 in Unarmed Combat
  3413 | D:4      | Reached skill level 2 in Evocations
  3580 | D:4      | Reached skill level 2 in Shapeshifting
  3747 | D:4      | Reached XP level 7. HP: 50/50 MP: 10/15
  3881 | D:4      | Reached skill level 2 in Conjurations
  3881 | D:4      | Reached skill level 2 in Hexes
  3881 | D:4      | Reached skill level 2 in Summonings
  3881 | D:4      | Reached skill level 2 in Necromancy
  3881 | D:4      | Reached skill level 2 in Translocations
  3881 | D:4      | Reached skill level 2 in Fire Magic
  3881 | D:4      | Reached skill level 2 in Ice Magic
  3881 | D:4      | Reached skill level 2 in Air Magic
  3881 | D:4      | Reached skill level 2 in Poison Magic
  4050 | D:4      | Reached skill level 3 in Transmutations
  4206 | D:4      | Reached skill level 5 in Stealth
  4400 | D:4      | Reached skill level 3 in Invocations
  4618 | D:4      | Reached skill level 6 in Earth Magic
  4677 | D:4      | Reached XP level 8. HP: 57/57 MP: 7/16
  4821 | D:4      | Reached skill level 3 in Fighting
  4821 | D:4      | Reached skill level 3 in Short Blades
  4821 | D:4      | Reached skill level 3 in Long Blades
  4821 | D:4      | Reached skill level 3 in Axes
  4821 | D:4      | Reached skill level 3 in Maces & Flails
  4821 | D:4      | Reached skill level 3 in Polearms
  4821 | D:4      | Reached skill level 3 in Staves
  4821 | D:4      | Reached skill level 3 in Ranged Weapons
  4821 | D:4      | Reached skill level 3 in Throwing
  4821 | D:4      | Reached skill level 3 in Armour
  4821 | D:4      | Reached skill level 3 in Shields
  4821 | D:4      | Reached skill level 3 in Unarmed Combat
  4821 | D:4      | Reached skill level 3 in Evocations
  4984 | D:5      | Entered Level 5 of the Dungeon
  5074 | D:4      | Noticed Menkaure
  5090 | D:4      | Killed Menkaure
  5091 | D:4      | Reached skill level 6 in Spellcasting
  5179 | D:5      | Noticed a wyvern
  5184 | D:5      | Killed a wyvern
  5185 | D:5      | Reached skill level 3 in Shapeshifting
  5307 | D:5      | Found a blossoming altar of Fedhas.
  5722 | D:5      | Reached skill level 4 in Invocations
  5747 | D:4      | Reached skill level 3 in Conjurations
  5747 | D:4      | Reached skill level 3 in Hexes
  5747 | D:4      | Reached skill level 3 in Summonings
  5747 | D:4      | Reached skill level 3 in Necromancy
  5747 | D:4      | Reached skill level 3 in Translocations
  5747 | D:4      | Reached skill level 3 in Fire Magic
  5747 | D:4      | Reached skill level 3 in Ice Magic
  5747 | D:4      | Reached skill level 3 in Air Magic
  5747 | D:4      | Reached skill level 3 in Poison Magic
  5934 | D:5      | Reached skill level 6 in Dodging
  5937 | D:5      | You pick up a book of Armaments and begin reading...
  5937 | D:5      | You add the spells Animate Armour and Lehudib's Crystal
                  | Spear to your library.
  6169 | D:5      | Reached XP level 9. HP: 65/65 MP: 10/18
  6513 | D:6      | Found a staircase to the Ecumenical Temple.
  6529 | D:6      | Reached skill level 4 in Fighting
  6529 | D:6      | Reached skill level 4 in Short Blades
  6529 | D:6      | Reached skill level 4 in Long Blades
  6529 | D:6      | Reached skill level 4 in Axes
  6529 | D:6      | Reached skill level 4 in Maces & Flails
  6529 | D:6      | Reached skill level 4 in Polearms
  6529 | D:6      | Reached skill level 4 in Staves
  6529 | D:6      | Reached skill level 4 in Ranged Weapons
  6529 | D:6      | Reached skill level 4 in Throwing
  6529 | D:6      | Reached skill level 4 in Armour
  6529 | D:6      | Reached skill level 4 in Shields
  6529 | D:6      | Reached skill level 4 in Unarmed Combat
  6529 | D:6      | Reached skill level 4 in Transmutations
  6529 | D:6      | Reached skill level 4 in Evocations
  6741 | D:6      | Found a shimmering blue altar of Sif Muna.
  6760 | Temple   | Entered the Ecumenical Temple
  6766 | Temple   | Upgraded the game from 0.31-a0-833-gc15d34cb79 to
                  | 0.31-a0-836-g3ceb0a68c4
  6766 | Temple   | magus.rc [v1.9.6]
  6770 | Temple   | Became a worshipper of Nemelex Xobeh the Trickster
  7088 | D:6      | Reached skill level 6 in Stealth
  7186 | D:6      | You pick up a book of Dangerous Friends and begin
                  | reading...
  7186 | D:6      | You add the spells Summon Guardian Golem, Orb of
                  | Destruction and Spellforged Servitor to your library.
  7191 | D:6      | Learned a level 3 spell: Summon Guardian Golem
  7358 | D:6      | Found a glowing silver altar of Zin.
  7359 | D:6      | Found a sacrificial altar of Ru.
  7808 | D:7      | Found a bloodstained altar of Trog.
  7840 | D:7      | Reached skill level 4 in Shapeshifting
  7962 | D:7      | Reached * piety under Nemelex Xobeh
  7998 | D:7      | Identified the +0 leather armour "Inionug" {-Cast rC+ rN+
                  | Str+6}
  8134 | D:7      | Received a gift from Nemelex Xobeh
  8620 | D:8      | Reached skill level 5 in Invocations
  8953 | D:8      | Reached skill level 7 in Spellcasting
  8969 | D:8      | Reached skill level 4 in Conjurations
  8969 | D:8      | Reached skill level 4 in Hexes
  8969 | D:8      | Reached skill level 4 in Summonings
  8969 | D:8      | Reached skill level 4 in Necromancy
  8969 | D:8      | Reached skill level 4 in Translocations
  8969 | D:8      | Reached skill level 4 in Fire Magic
  8969 | D:8      | Reached skill level 4 in Ice Magic
  8969 | D:8      | Reached skill level 4 in Air Magic
  8969 | D:8      | Reached skill level 4 in Poison Magic
  9003 | D:8      | Reached XP level 10. HP: 73/73 MP: 13/20
  9041 | D:8      | Noticed Prince Ribbit
  9062 | D:8      | Killed Prince Ribbit
  9063 | D:8      | Reached skill level 5 in Fighting
  9063 | D:8      | Reached skill level 5 in Short Blades
  9063 | D:8      | Reached skill level 5 in Long Blades
  9063 | D:8      | Reached skill level 5 in Axes
  9063 | D:8      | Reached skill level 5 in Maces & Flails
  9063 | D:8      | Reached skill level 5 in Polearms
  9063 | D:8      | Reached skill level 5 in Staves
  9063 | D:8      | Reached skill level 5 in Ranged Weapons
  9063 | D:8      | Reached skill level 5 in Throwing
  9063 | D:8      | Reached skill level 5 in Armour
  9063 | D:8      | Reached skill level 5 in Shields
  9063 | D:8      | Reached skill level 5 in Unarmed Combat
  9063 | D:8      | Reached skill level 7 in Earth Magic
  9063 | D:8      | Reached skill level 5 in Evocations
  9129 | D:8      | Reached skill level 7 in Dodging
  9259 | D:8      | Found Veceilun's General Store.
  9367 | D:8      | Bought a potion of curing for 42 gold pieces
  9367 | D:8      | Bought a scroll of identify for 28 gold pieces
  9760 | D:8      | Found a staircase to the Lair.
  9935 | D:8      | Reached ** piety under Nemelex Xobeh
 10323 | D:9      | Reached skill level 5 in Transmutations
 10565 | D:9      | Reached skill level 7 in Stealth
 10565 | D:9      | Reached skill level 6 in Invocations
 10565 | D:9      | Reached skill level 5 in Shapeshifting
 10798 | D:9      | Found a white marble altar of Elyvilon.
 11369 | D:9      | Found a broken altar of Ashenzari.
 11432 | D:9      | Reached XP level 11. HP: 81/81 MP: 9/22
 11517 | D:9      | Reached skill level 6 in Fighting
 11517 | D:9      | Reached skill level 6 in Short Blades
 11517 | D:9      | Reached skill level 6 in Long Blades
 11517 | D:9      | Reached skill level 6 in Axes
 11517 | D:9      | Reached skill level 6 in Maces & Flails
 11517 | D:9      | Reached skill level 6 in Polearms
 11517 | D:9      | Reached skill level 6 in Staves
 11517 | D:9      | Reached skill level 6 in Ranged Weapons
 11517 | D:9      | Reached skill level 6 in Throwing
 11517 | D:9      | Reached skill level 6 in Armour
 11517 | D:9      | Reached skill level 6 in Shields
 11517 | D:9      | Reached skill level 6 in Unarmed Combat
 11517 | D:9      | Reached skill level 6 in Evocations
 11547 | D:9      | Reached skill level 5 in Conjurations
 11547 | D:9      | Reached skill level 5 in Hexes
 11547 | D:9      | Reached skill level 5 in Summonings
 11547 | D:9      | Reached skill level 5 in Necromancy
 11547 | D:9      | Reached skill level 5 in Translocations
 11547 | D:9      | Reached skill level 5 in Fire Magic
 11547 | D:9      | Reached skill level 5 in Ice Magic
 11547 | D:9      | Reached skill level 5 in Air Magic
 11547 | D:9      | Reached skill level 5 in Poison Magic
 11633 | D:9      | Found a staircase to the Orcish Mines.
 11943 | D:10     | Entered Level 10 of the Dungeon
 12031 | D:10     | Reached skill level 8 in Spellcasting
 13293 | Lair:1   | Entered Level 1 of the Lair of Beasts
 13317 | Lair:1   | Reached skill level 7 in Invocations
 13375 | Lair:1   | Reached skill level 8 in Dodging
 13691 | Lair:1   | Noticed Maggie
 13716 | Lair:1   | Killed Maggie
 13717 | Lair:1   | Reached skill level 6 in Shapeshifting
 13805 | Lair:1   | Identified the +1 cloak of Misanthropy {rN+ rCorr Dex+2}
 13894 | Lair:1   | Reached skill level 6 in Transmutations
 13984 | Lair:1   | Learned a level 3 spell: Swiftness
 13995 | Lair:1   | Reached skill level 8 in Stealth
 14170 | Lair:1   | Reached skill level 8 in Earth Magic
 14183 | Lair:1   | Reached XP level 12. HP: 27/89 MP: 3/24
 14185 | Lair:1   | Reached skill level 7 in Fighting
 14185 | Lair:1   | Reached skill level 7 in Short Blades
 14185 | Lair:1   | Reached skill level 7 in Long Blades
 14185 | Lair:1   | Reached skill level 7 in Axes
 14185 | Lair:1   | Reached skill level 7 in Maces & Flails
 14185 | Lair:1   | Reached skill level 7 in Polearms
 14185 | Lair:1   | Reached skill level 7 in Staves
 14185 | Lair:1   | Reached skill level 7 in Ranged Weapons
 14185 | Lair:1   | Reached skill level 7 in Throwing
 14185 | Lair:1   | Reached skill level 7 in Armour
 14185 | Lair:1   | Reached skill level 7 in Shields
 14185 | Lair:1   | Reached skill level 7 in Unarmed Combat
 14185 | Lair:1   | Reached skill level 7 in Evocations
 14380 | Lair:1   | Reached *** piety under Nemelex Xobeh
 14382 | Lair:1   | Received a gift from Nemelex Xobeh
 14511 | Lair:1   | Noticed Grum
 14547 | Lair:1   | Killed Grum
 14940 | Lair:1   | Reached skill level 6 in Conjurations
 14940 | Lair:1   | Reached skill level 6 in Hexes
 14940 | Lair:1   | Reached skill level 6 in Summonings
 14940 | Lair:1   | Reached skill level 6 in Necromancy
 14940 | Lair:1   | Reached skill level 6 in Translocations
 14940 | Lair:1   | Reached skill level 6 in Fire Magic
 14940 | Lair:1   | Reached skill level 6 in Ice Magic
 14940 | Lair:1   | Reached skill level 6 in Air Magic
 14940 | Lair:1   | Reached skill level 6 in Poison Magic
 15160 | Lair:1   | Learned a level 4 spell: Brom's Barrelling Boulder
 15266 | Lair:1   | Reached skill level 8 in Invocations
 15274 | Lair:1   | Reached skill level 9 in Spellcasting
 15645 | Lair:1   | magus.rc [v1.9.6]
 15881 | Lair:2   | Received a gift from Nemelex Xobeh
 16745 | Lair:3   | Identified the +7 quarterstaff of Burning Execution {vamp,
                  | Str+3 Int+3}
 16810 | Lair:3   | Reached **** piety under Nemelex Xobeh
 16851 | Lair:3   | Reached skill level 9 in Dodging
 17014 | Lair:3   | Reached skill level 7 in Shapeshifting
 17093 | Lair:3   | Noticed a five-headed hydra
 17114 | Lair:3   | Killed a five-headed hydra
 17296 | Lair:3   | Received a gift from Nemelex Xobeh
 17310 | Lair:3   | Reached skill level 9 in Stealth
 17320 | Lair:3   | Reached skill level 7 in Transmutations
 17321 | Lair:3   | Reached XP level 13. HP: 67/98 MP: 20/26
 17323 | Lair:3   | Reached skill level 8 in Fighting
 17323 | Lair:3   | Reached skill level 8 in Short Blades
 17323 | Lair:3   | Reached skill level 8 in Long Blades
 17323 | Lair:3   | Reached skill level 8 in Axes
 17323 | Lair:3   | Reached skill level 8 in Maces & Flails
 17323 | Lair:3   | Reached skill level 8 in Polearms
 17323 | Lair:3   | Reached skill level 8 in Staves
 17323 | Lair:3   | Reached skill level 8 in Ranged Weapons
 17323 | Lair:3   | Reached skill level 8 in Throwing
 17323 | Lair:3   | Reached skill level 8 in Armour
 17323 | Lair:3   | Reached skill level 8 in Shields
 17323 | Lair:3   | Reached skill level 8 in Unarmed Combat
 17323 | Lair:3   | Reached skill level 8 in Evocations
 17520 | Lair:3   | Found a staircase to the Snake Pit.
 17866 | Lair:3   | Reached skill level 9 in Invocations
 17895 | Lair:3   | Found a staircase to the Swamp.
 18236 | Lair:3   | Received a gift from Nemelex Xobeh
 18820 | Lair:3   | magus.rc [v1.9.6]
 18901 | Lair:4   | Reached ***** piety under Nemelex Xobeh
 18926 | Lair:4   | Reached skill level 7 in Conjurations
 18926 | Lair:4   | Reached skill level 7 in Hexes
 18926 | Lair:4   | Reached skill level 7 in Summonings
 18926 | Lair:4   | Reached skill level 7 in Necromancy
 18926 | Lair:4   | Reached skill level 7 in Translocations
 18926 | Lair:4   | Reached skill level 7 in Fire Magic
 18926 | Lair:4   | Reached skill level 7 in Ice Magic
 18926 | Lair:4   | Reached skill level 7 in Air Magic
 18926 | Lair:4   | Reached skill level 9 in Earth Magic
 18926 | Lair:4   | Reached skill level 7 in Poison Magic
 19610 | Lair:4   | Received a gift from Nemelex Xobeh
 19702 | Lair:4   | Found a broken altar of Ashenzari.
 19976 | Lair:4   | Reached skill level 10 in Spellcasting
 20407 | Lair:5   | Entered Level 5 of the Lair of Beasts
 20668 | D:1      | Bought a book of Vapours for 364 gold pieces
 20668 | D:1      | You pick up a book of Vapours and begin reading...
 20668 | D:1      | You add the spells Poisonous Vapours, Mephitic Cloud and
                  | Freezing Cloud to your library.
 20674 | D:1      | Learned a level 5 spell: Freezing Cloud
 20928 | Lair:5   | Found a staircase to the Slime Pits.
 21238 | Lair:4   | Reached skill level 8 in Shapeshifting
 21410 | Lair:5   | Reached skill level 10 in Dodging
 21697 | Lair:5   | You pick up a book of Conjurations {@e2} and begin
                  | reading...
 21697 | Lair:5   | You add the spells Magic Dart, Searing Ray and Fulminant
                  | Prism to your library.
 21698 | Lair:5   | magus.rc [v1.9.6]
 22053 | Lair:5   | Reached skill level 9 in Fighting
 22053 | Lair:5   | Reached skill level 9 in Short Blades
 22053 | Lair:5   | Reached skill level 9 in Long Blades
 22053 | Lair:5   | Reached skill level 9 in Axes
 22053 | Lair:5   | Reached skill level 9 in Maces & Flails
 22053 | Lair:5   | Reached skill level 9 in Polearms
 22053 | Lair:5   | Reached skill level 9 in Staves
 22053 | Lair:5   | Reached skill level 9 in Ranged Weapons
 22053 | Lair:5   | Reached skill level 9 in Throwing
 22053 | Lair:5   | Reached skill level 9 in Armour
 22053 | Lair:5   | Reached skill level 9 in Shields
 22053 | Lair:5   | Reached skill level 9 in Unarmed Combat
 22053 | Lair:5   | Reached skill level 9 in Evocations
 22053 | Lair:5   | Reached XP level 14. HP: 82/108 MP: 11/28
 22056 | Lair:5   | You add the spells Alistair's Intoxication, Borgnjor's Vile
                  | Clutch and Eringya's Noxious Bog to your library.
 22087 | Lair:5   | Reached skill level 10 in Stealth
 22131 | Lair:5   | magus.rc [v1.9.6]
 22137 | Lair:5   | Learned a level 5 spell: Borgnjor's Vile Clutch
 22339 | Lair:5   | Received a gift from Nemelex Xobeh
 22558 | Lair:5   | Reached skill level 10 in Invocations
 22603 | Lair:5   | Reached skill level 8 in Transmutations
 23024 | Lair:5   | You add the spells Vhi's Electric Charge, Arcjolt and
                  | Maxwell's Capacitive Coupling to your library.
 23434 | Lair:5   | Received a gift from Nemelex Xobeh
 23928 | Orc:1    | Entered Level 1 of the Orcish Mines
 23928 | Orc:1    | Noticed Erolcha
 23934 | Orc:1    | Killed Erolcha
 24164 | Orc:2    | Entered Level 2 of the Orcish Mines
 24196 | Orc:2    | magus.rc [v1.9.6]
 24838 | Orc:1    | Received a gift from Nemelex Xobeh
 25562 | Orc:2    | Noticed an orc warlord
 25658 | Orc:2    | Killed an orc warlord
 25659 | Orc:2    | Reached skill level 8 in Conjurations
 25659 | Orc:2    | Reached skill level 8 in Hexes
 25659 | Orc:2    | Reached skill level 8 in Summonings
 25659 | Orc:2    | Reached skill level 8 in Necromancy
 25659 | Orc:2    | Reached skill level 8 in Translocations
 25659 | Orc:2    | Reached skill level 8 in Fire Magic
 25659 | Orc:2    | Reached skill level 8 in Ice Magic
 25659 | Orc:2    | Reached skill level 8 in Air Magic
 25659 | Orc:2    | Reached skill level 8 in Poison Magic
 25665 | Orc:2    | HP: 13/108 [orc sorcerer/bolt of fire[an orc warlord] (29)]
 25795 | Orc:2    | Paralysed by an orc sorcerer for 3 turns
 26085 | Orc:2    | Received a gift from Nemelex Xobeh
 26143 | Orc:2    | Found a staircase to the Elven Halls.
 26286 | Orc:2    | Reached skill level 11 in Spellcasting
 26305 | Orc:2    | Reached skill level 9 in Shapeshifting
 26332 | Orc:2    | Reached skill level 10 in Earth Magic
 26333 | Orc:2    | Reached XP level 15. HP: 108/115 MP: 11/30
 26509 | Orc:2    | Reached skill level 11 in Dodging
 26531 | Orc:2    | Reached skill level 10 in Fighting
 26531 | Orc:2    | Reached skill level 10 in Short Blades
 26531 | Orc:2    | Reached skill level 10 in Long Blades
 26531 | Orc:2    | Reached skill level 10 in Axes
 26531 | Orc:2    | Reached skill level 10 in Maces & Flails
 26531 | Orc:2    | Reached skill level 10 in Polearms
 26531 | Orc:2    | Reached skill level 10 in Staves
 26531 | Orc:2    | Reached skill level 10 in Ranged Weapons
 26531 | Orc:2    | Reached skill level 10 in Throwing
 26531 | Orc:2    | Reached skill level 10 in Armour
 26531 | Orc:2    | Reached skill level 10 in Shields
 26531 | Orc:2    | Reached skill level 10 in Unarmed Combat
 26531 | Orc:2    | Reached skill level 10 in Evocations
 26718 | Orc:2    | Found Waulet's General Store.
 26718 | Orc:2    | Found Gunam's Distillery.
 26719 | Orc:2    | Found Liel's Weapon Emporium.
 26719 | Orc:2    | Found Voceu's Weapon Shop.
 26781 | Orc:2    | Bought a potion of heal wounds for 70 gold pieces
 26781 | Orc:2    | Bought a potion of haste for 140 gold pieces
 26781 | Orc:2    | Bought a potion of haste for 140 gold pieces
 26781 | Orc:2    | Bought a potion of heal wounds for 70 gold pieces
 27090 | D:1      | Bought the Vellum of Too Many Cooks for 364 gold pieces
 27090 | D:1      | You add the spells Lesser Beckoning, Volatile Blastmotes
                  | and Summon Mana Viper to your library.
 27096 | D:1      | Learned a level 5 spell: Summon Mana Viper
 28015 | D:11     | Reached skill level 11 in Invocations
 28548 | D:12     | Received a gift from Nemelex Xobeh
 28574 | D:12     | Reached skill level 11 in Stealth
 28758 | D:12     | Found a frozen archway.
 28968 | IceCv    | Entered an ice cave
 29888 | IceCv    | Noticed an azure jelly
 29897 | IceCv    | Killed an azure jelly
 30060 | IceCv    | Reached skill level 9 in Transmutations
 30213 | IceCv    | Found a viscous altar of Jiyva.
 30235 | IceCv    | Identified a +1 crystal plate armour of cold resistance
 30236 | IceCv    | X - a +1 crystal plate armour of cold resistance {rare=g}
 30238 | IceCv    | You add the spells Hailstorm, Metabolic Englaciation and
                  | Polar Vortex to your library.
 30238 | IceCv    | Got a weird book
 30365 | D:12     | You pick up a book of Callings and begin reading...
 30365 | D:12     | You add the spells Summon Small Mammal and Call Canine
                  | Familiar to your library.
 30389 | D:12     | Noticed Josephine
 30395 | D:12     | Killed Josephine
 30781 | D:12     | Noticed Nergalle
 30789 | D:12     | Killed Nergalle
 31395 | D:12     | You pick up a book of Chaos and begin reading...
 31395 | D:12     | You add the spells Conjure Ball Lightning, Disjunction and
                  | Discord to your library.
 31682 | D:12     | magus.rc [v1.9.6]
 31754 | D:13     | Reached ****** piety under Nemelex Xobeh
 31754 | D:13     | Received a gift from Nemelex Xobeh
 32289 | D:13     | Received a gift from Nemelex Xobeh
 32691 | D:13     | Received a gift from Nemelex Xobeh
 33150 | D:14     | Found a runed translucent gate.
 33150 | D:14     | Found a runed translucent gate.
 33150 | D:14     | Noticed Xuruvid's ghost (journeyman GnWn)
 33151 | D:14     | Found a runed translucent gate.
 33151 | D:14     | Noticed an azure jelly
 33322 | D:14     | Reached skill level 9 in Conjurations
 33322 | D:14     | Reached skill level 9 in Hexes
 33322 | D:14     | Reached skill level 9 in Summonings
 33322 | D:14     | Reached skill level 9 in Necromancy
 33322 | D:14     | Reached skill level 9 in Translocations
 33322 | D:14     | Reached skill level 9 in Fire Magic
 33322 | D:14     | Reached skill level 9 in Ice Magic
 33322 | D:14     | Reached skill level 9 in Air Magic
 33322 | D:14     | Reached skill level 9 in Poison Magic
 33600 | D:14     | Received a gift from Nemelex Xobeh
 33701 | D:14     | You pick up a book of the Moon and begin reading...
 33701 | D:14     | You add the spells Passage of Golubria and Silence to your
                  | library.
 33869 | D:14     | Reached XP level 16. HP: 101/124 MP: 18/31
 34086 | D:14     | Reached skill level 10 in Shapeshifting
 34392 | D:14     | Reached skill level 12 in Spellcasting
 34457 | D:14     | Found a gate to the Vaults.
 34799 | D:14     | Received a gift from Nemelex Xobeh
 34867 | D:14     | Found a viscous altar of Jiyva.
 34879 | D:15     | Entered Level 15 of the Dungeon
 35011 | D:15     | Reached skill level 11 in Fighting
 35011 | D:15     | Reached skill level 11 in Short Blades
 35011 | D:15     | Reached skill level 11 in Long Blades
 35011 | D:15     | Reached skill level 11 in Axes
 35011 | D:15     | Reached skill level 11 in Maces & Flails
 35011 | D:15     | Reached skill level 11 in Polearms
 35011 | D:15     | Reached skill level 11 in Staves
 35011 | D:15     | Reached skill level 11 in Ranged Weapons
 35011 | D:15     | Reached skill level 11 in Throwing
 35011 | D:15     | Reached skill level 11 in Armour
 35011 | D:15     | Reached skill level 11 in Shields
 35011 | D:15     | Reached skill level 11 in Unarmed Combat
 35011 | D:15     | Reached skill level 11 in Evocations
 35450 | D:15     | Reached skill level 12 in Invocations
 35636 | D:15     | Reached skill level 12 in Dodging
 35795 | D:15     | Found a staircase to the Depths.
 35981 | D:15     | Identified the +4 whip of Zusorog {freeze, Str+4 Int-2
                  | Stlth+}
 35987 | D:15     | You pick up a book of Weapons and begin reading...
 35987 | D:15     | You add the spells Tukima's Dance, Dimensional Bullseye and
                  | Iskenderun's Mystic Blast to your library.
 36416 | D:15     | Received a gift from Nemelex Xobeh
 36761 | D:15     | Reached skill level 12 in Stealth
 36938 | D:15     | Received a gift from Nemelex Xobeh
 37410 | Lair:1   | You drop a +1 crystal plate armour of cold resistance
                  | {rare=g}.
 37484 | Snake:1  | Entered Level 1 of the Snake Pit
 37628 | Snake:1  | Reached skill level 11 in Earth Magic
 37756 | Snake:1  | Noticed a nagaraja
 37772 | Snake:1  | Killed a nagaraja
 38211 | Snake:1  | You pick up a book of Minor Magic and begin reading...
 38533 | Snake:1  | Found an ornate altar of the Wu Jian Council.
 38780 | Snake:1  | Received a gift from Nemelex Xobeh
 39195 | Snake:2  | Reached skill level 10 in Transmutations
 39212 | Snake:1  | Reached XP level 17. HP: 118/131 MP: 3/33
 40597 | Snake:2  | Received a gift from Nemelex Xobeh
 40792 | Snake:2  | You pick up a book of Blasting and begin reading...
 40975 | Snake:2  | Received a gift from Nemelex Xobeh
 40991 | Snake:2  | Reached skill level 10 in Conjurations
 40991 | Snake:2  | Reached skill level 10 in Hexes
 40991 | Snake:2  | Reached skill level 10 in Summonings
 40991 | Snake:2  | Reached skill level 10 in Necromancy
 40991 | Snake:2  | Reached skill level 10 in Translocations
 40991 | Snake:2  | Reached skill level 10 in Fire Magic
 40991 | Snake:2  | Reached skill level 10 in Ice Magic
 40991 | Snake:2  | Reached skill level 10 in Air Magic
 40991 | Snake:2  | Reached skill level 10 in Poison Magic
 41118 | Snake:2  | Noticed Jorgrun
 41123 | Snake:2  | Killed Jorgrun
 41143 | Snake:2  | Found Fisem's Weapon Emporium.
 41145 | Snake:2  | Found Pyakerr's Antique Weapon Shoppe.
 41148 | Snake:2  | Found Virases's Weapon Emporium.
 41157 | Snake:2  | Bought a warped orcbow for 238 gold pieces
 41157 | Snake:2  | Identified the +2 orcbow of Distraction {heavy, rN+++ Int-3
                  | Dex+3 Stlth+} (You bought it in a shop on level 2 of the
                  | Snake Pit)
 41301 | Snake:2  | Received a gift from Nemelex Xobeh
 41768 | Snake:3  | magus.rc [v1.9.6]
 42116 | Snake:3  | Noticed Kirke
 42117 | Snake:3  | Reached skill level 11 in Shapeshifting
 42120 | Snake:3  | Killed Kirke
 42247 | Snake:3  | Reached skill level 13 in Invocations
 42333 | Snake:3  | Reached skill level 12 in Fighting
 42333 | Snake:3  | Reached skill level 12 in Short Blades
 42333 | Snake:3  | Reached skill level 12 in Long Blades
 42333 | Snake:3  | Reached skill level 12 in Axes
 42333 | Snake:3  | Reached skill level 12 in Maces & Flails
 42333 | Snake:3  | Reached skill level 12 in Polearms
 42333 | Snake:3  | Reached skill level 12 in Staves
 42333 | Snake:3  | Reached skill level 12 in Ranged Weapons
 42333 | Snake:3  | Reached skill level 12 in Throwing
 42333 | Snake:3  | Reached skill level 12 in Armour
 42333 | Snake:3  | Reached skill level 12 in Shields
 42333 | Snake:3  | Reached skill level 12 in Unarmed Combat
 42333 | Snake:3  | Reached skill level 12 in Evocations
 42434 | Snake:3  | Received a gift from Nemelex Xobeh
 42703 | Snake:3  | Reached skill level 13 in Spellcasting
 42783 | Snake:3  | Noticed Louise
 42786 | Snake:3  | Identified the +5 demon trident of Wabu {flame, Int+5}
 42794 | Snake:3  | Killed Louise
 42799 | Snake:3  | Noticed Aizul
 42806 | Snake:3  | Killed Aizul
 43287 | Snake:3  | HP: 31/133 [salamander tyrant (22)]
 43820 | Snake:3  | Reached skill level 13 in Dodging
 44392 | Snake:3  | You pick up a book of the Warp and begin reading...
 44392 | Snake:3  | You add the spells Manifold Assault and Dispersal to your
                  | library.
 44465 | Snake:3  | Reached XP level 18. HP: 140/140 MP: 5/35
 44626 | Snake:3  | Reached skill level 13 in Stealth
 44782 | Snake:4  | Entered Level 4 of the Snake Pit
 44784 | Snake:4  | Noticed Saint Roka
 44798 | Snake:4  | Killed Saint Roka
 45235 | Snake:4  | You pick up a book of Frost and begin reading...
 45235 | Snake:4  | You add the spells Freeze and Frozen Ramparts to your
                  | library.
 45452 | Snake:4  | Noticed Vashnia
 45633 | Snake:4  | Noticed Mlioglotl
 45731 | Swamp:1  | Entered Level 1 of the Swamp
 46360 | Swamp:1  | Received a gift from Nemelex Xobeh
 47366 | Swamp:2  | Reached skill level 12 in Earth Magic
 47773 | Swamp:2  | Reached skill level 11 in Transmutations
 49044 | Swamp:3  | Noticed Bai Suzhen
 49063 | Swamp:3  | Killed Bai Suzhen
 49205 | Swamp:3  | Noticed Roxanne
 49210 | Swamp:3  | Identified the +5 hand axe "Dewkong" {flame, rC+ Str+3
                  | Int-2 Dex+5}
 49215 | Swamp:3  | Paralysed by a fenstrider witch for 5 turns
 49414 | Swamp:3  | Received a gift from Nemelex Xobeh
 50263 | Swamp:3  | Killed Roxanne
 50611 | Swamp:4  | Entered Level 4 of the Swamp
 50901 | Swamp:4  | Reached skill level 14 in Invocations
 51447 | Swamp:4  | Reached skill level 11 in Conjurations
 51447 | Swamp:4  | Reached skill level 11 in Hexes
 51447 | Swamp:4  | Reached skill level 11 in Summonings
 51447 | Swamp:4  | Reached skill level 11 in Necromancy
 51447 | Swamp:4  | Reached skill level 11 in Translocations
 51447 | Swamp:4  | Reached skill level 11 in Fire Magic
 51447 | Swamp:4  | Reached skill level 11 in Ice Magic
 51447 | Swamp:4  | Reached skill level 11 in Air Magic
 51447 | Swamp:4  | Reached skill level 11 in Poison Magic
 51961 | Swamp:3  | Reached skill level 13 in Fighting
 51961 | Swamp:3  | Reached skill level 13 in Short Blades
 51961 | Swamp:3  | Reached skill level 13 in Long Blades
 51961 | Swamp:3  | Reached skill level 13 in Axes
 51961 | Swamp:3  | Reached skill level 13 in Maces & Flails
 51961 | Swamp:3  | Reached skill level 13 in Polearms
 51961 | Swamp:3  | Reached skill level 13 in Staves
 51961 | Swamp:3  | Reached skill level 13 in Ranged Weapons
 51961 | Swamp:3  | Reached skill level 13 in Throwing
 51961 | Swamp:3  | Reached skill level 13 in Armour
 51961 | Swamp:3  | Reached skill level 13 in Shields
 51961 | Swamp:3  | Reached skill level 13 in Unarmed Combat
 51961 | Swamp:3  | Reached skill level 13 in Evocations
 52252 | Swamp:4  | Reached XP level 19. HP: 149/149 MP: 9/36
 52261 | Swamp:4  | Reached skill level 12 in Shapeshifting
 52652 | Swamp:4  | Identified the +0 ring mail "Digusuosk" {+Blink}
 52789 | Swamp:3  | Learned a level 6 spell: Plasma Beam
 53548 | Swamp:4  | Reached skill level 14 in Spellcasting
 54262 | Swamp:4  | Found a basalt altar of Yredelemnul.
 54365 | Swamp:4  | Found a blossoming altar of Fedhas.
 54506 | Swamp:4  | Got a decaying rune of Zot
 54879 | Vaults:1 | Entered Level 1 of the Vaults
 54880 | Vaults:1 | magus.rc [v1.9.6]
 55291 | Elf:1    | Entered Level 1 of the Elven Halls
 55291 | Elf:1    | Received a gift from Nemelex Xobeh
 55466 | Elf:1    | Reached skill level 14 in Dodging
 56171 | Elf:1    | Paralysed by an air elemental for 1 turns
 56403 | Elf:1    | Reached skill level 14 in Stealth
 57009 | Elf:1    | Received a gift from Nemelex Xobeh
 57082 | Elf:1    | You pick up a book of Geomancy and begin reading...
 58356 | Elf:2    | Found a runed translucent gate.
 58356 | Elf:2    | Found a runed translucent gate.
 58469 | Elf:2    | Found a runed translucent gate.
 58764 | Elf:3    | Entered Level 3 of the Elven Halls
 58766 | Elf:3    | You add the spells Gell's Gravitas and Teleport Other to
                  | your library.
 58778 | Elf:2    | Learned a level 7 spell: Spellforged Servitor
 58794 | Elf:2    | magus.rc [v1.9.6]
 58794 | Elf:2    | magus.rc [v1.9.6]
 59310 | Elf:3    | Found a gateway to a bazaar.
 59317 | Bazaar   | Entered a bazaar
 59342 | Bazaar   | Found Mownex's Book Shop.
 59342 | Bazaar   | Found Gimpaf's Book Shop.
 59368 | Bazaar   | Received a gift from Nemelex Xobeh
 59389 | Bazaar   | Bought a Grand Grimoire for 442 gold pieces
 59389 | Bazaar   | You add the spells Malign Gateway and Summon Horrible
                  | Things to your library.
 59458 | Elf:3    | Noticed Asterion
 59464 | Elf:3    | Killed Asterion
 60691 | Elf:3    | magus.rc [v1.9.6]
 61005 | D:14     | Identified the +0 trident of an ossuary {venom, Str+3}
 61008 | D:14     | Paralysed by a floating eye for 3 turns
 61018 | D:14     | Reached XP level 20. HP: 146/158 MP: 11/38
 61020 | D:14     | Killed Xuruvid's ghost
 61565 | Elf:3    | Identified the +2 robe of Fae Miracles {rElec rN+ Will+
                  | Dex-4}
 61609 | Elf:3    | Received a gift from Nemelex Xobeh
 62307 | Elf:3    | Reached skill level 15 in Invocations
 62512 | Elf:3    | Identified the ring of Uxzeli {rF+++ MP+9 Str+6}
 62517 | Elf:3    | Reached skill level 14 in Short Blades
 62566 | Elf:3    | Reached skill level 12 in Transmutations
 62854 | Elf:3    | Identified the +2 executioner's axe "Noimank" {heavy,
                  | rPois}
 63143 | Elf:3    | Reached skill level 13 in Earth Magic
 63263 | Elf:3    | Identified the +4 spear of Koushir {venom, Str+3 Dex+2}
 63412 | Elf:3    | the +2 executioner's axe "Noimank" {heavy, rPois,
                  | axerare=g}; a +0 leather armour
 63413 | Elf:3    | the +2 executioner's axe "Noimank" {heavy, rPois,
                  | axerare=g}; a +0 leather armour
 63506 | Elf:3    | Reached skill level 14 in Fighting
 63506 | Elf:3    | Reached skill level 14 in Long Blades
 63506 | Elf:3    | Reached skill level 14 in Axes
 63506 | Elf:3    | Reached skill level 14 in Maces & Flails
 63506 | Elf:3    | Reached skill level 14 in Polearms
 63506 | Elf:3    | Reached skill level 14 in Staves
 63506 | Elf:3    | Reached skill level 14 in Ranged Weapons
 63506 | Elf:3    | Reached skill level 14 in Throwing
 63506 | Elf:3    | Reached skill level 14 in Armour
 63506 | Elf:3    | Reached skill level 14 in Shields
 63506 | Elf:3    | Reached skill level 14 in Unarmed Combat
 63506 | Elf:3    | Reached skill level 14 in Evocations
 63614 | Elf:3    | You pick up a book of Debilitation and begin reading...
 63614 | Elf:3    | You add the spells Slow, Sigil of Binding, Vampiric
                  | Draining and Confusing Touch to your library.
 63650 | Elf:3    | Identified the +7 sling of Impatience {speed, Int+4 Stlth+}
 63662 | Elf:3    | Identified the +1 kite shield of the Eternal Fruit {-Tele
                  | rPois rN+}
 63670 | Elf:3    | You pick up a book of Minor Magic and begin reading...
 63728 | Elf:3    | You pick up a book of Cantrips and begin reading...
 63728 | Elf:3    | You add the spells Necrotise and Apportation to your
                  | library.
 63730 | Elf:3    | You pick up a book of Chaos and begin reading...
 63732 | Elf:3    | Identified the +7 sling of the Philosopher {freeze, rElec}
 63736 | Elf:3    | You pick up a book of Dangerous Friends and begin
                  | reading...
 63738 | Elf:3    | You pick up a book of Cantrips and begin reading...
 63960 | Elf:3    | magus.rc [v1.9.6]
 64569 | Elf:2    | Reached skill level 13 in Shapeshifting
 64577 | Elf:2    | Reached skill level 12 in Conjurations
 64577 | Elf:2    | Reached skill level 12 in Hexes
 64577 | Elf:2    | Reached skill level 12 in Summonings
 64577 | Elf:2    | Reached skill level 12 in Necromancy
 64577 | Elf:2    | Reached skill level 12 in Translocations
 64577 | Elf:2    | Reached skill level 12 in Fire Magic
 64577 | Elf:2    | Reached skill level 12 in Ice Magic
 64577 | Elf:2    | Reached skill level 12 in Air Magic
 64577 | Elf:2    | Reached skill level 12 in Poison Magic
 64644 | Elf:2    | j - a +1 quick blade of venom {shortrare=g}
 64867 | Elf:2    | your +1 quick blade of venom {shortrare=g} crackles with
                  | electricity.
 64867 | Elf:2    | j - a +1 quick blade of electrocution {shortrare=g}
 64868 | Elf:2    | your +1 quick blade of electrocution {shortrare=g} glows
                  | red for a moment.
 64869 | Elf:2    | your +2 quick blade of electrocution {shortrare=g} glows
                  | red for a moment.
 64870 | Elf:2    | your +3 quick blade of electrocution {shortrare=g} glows
                  | red for a moment.
 64871 | Elf:2    | your +4 quick blade of electrocution {shortrare=g} glows
                  | red for a moment.
 64872 | Elf:2    | your +5 quick blade of electrocution {shortrare=g} glows
                  | red for a moment.
 65482 | Vaults:1 | your +6 quick blade of electrocution {shortrare=g} glows
                  | red for a moment.
 65483 | Vaults:1 | j - a +7 quick blade of electrocution {shortrare=g}
 65483 | Vaults:1 | a - a +7 quick blade of electrocution {shortrare=g}
 65487 | Vaults:1 | Noticed Zenata
 65497 | Vaults:1 | Killed Zenata
 65533 | Vaults:1 | Reached skill level 15 in Spellcasting
 65697 | Vaults:1 | P - a +5 executioner's axe {axerare=g}
 65879 | Vaults:1 | Received a gift from Nemelex Xobeh
 65944 | Vaults:1 | Identified the +0 helmet "Qedd" {Will+}
 66176 | Vaults:1 | Reached skill level 15 in Dodging
 66452 | Vaults:1 | You pick up a book of Geomancy and begin reading...
 66666 | Vaults:1 | Received a gift from Nemelex Xobeh
 66673 | Vaults:1 | Reached skill level 15 in Short Blades
 66673 | Vaults:1 | Reached XP level 21. HP: 166/166 MP: 37/40
 66681 | Vaults:1 | Learned a level 7 spell: Malign Gateway
 66918 | Vaults:1 | Reached skill level 15 in Stealth
 67218 | Vaults:1 | You add the spells Haunt, Borgnjor's Revivification and
                  | Death's Door to your library.
 67446 | Vaults:1 | You drop a +5 executioner's axe {axerare=g}.
 67688 | Vaults:2 | a - a +7 quick blade of electrocution (weapon)
                  | {shortrare=g}
 67739 | Vaults:2 | your +7 quick blade of electrocution {shortrare=g} stops
                  | crackling.
 67893 | Vaults:2 | a - a +7 quick blade of electrocution (weapon)
                  | {shortrare=g}
 67947 | Vaults:2 | your +7 quick blade of electrocution {shortrare=g} stops
                  | crackling.
 68199 | Vaults:2 | Received a gift from Nemelex Xobeh
 68707 | Vaults:2 | a - a +7 quick blade of electrocution (weapon)
                  | {shortrare=g}
 68712 | Vaults:2 | your +7 quick blade of electrocution {shortrare=g} stops
                  | crackling.
 69028 | Vaults:2 | Found a portal to a secret trove of treasure.
 69071 | Vaults:2 | a - a +7 quick blade of electrocution (weapon)
                  | {shortrare=g}
 69074 | Vaults:2 | your +7 quick blade of electrocution {shortrare=g} stops
                  | crackling.
 69213 | Trove    | Entered a treasure trove
 69224 | Trove    | Identified a potion of experience
 69233 | Trove    | Reached skill level 16 in Invocations
 69233 | Trove    | Reached XP level 22. HP: 174/174 MP: 41/41
 69241 | Trove    | Identified the +0 robe of the Ikuchi {*Corrode rElec Str+3
                  | Slay+4}
 69263 | Trove    | Identified the amulet "Jenli" {Acrobat rC++ rCorr Str-2
                  | Int+2}
 69266 | Trove    | Identified the amulet of the King {Reflect Str+5 SH+5}
 69269 | Trove    | Identified the amulet "Jylo" {Spirit Int+2}
 69272 | Trove    | Identified the amulet of the Pariah {Spirit Harm rC+}
 69339 | Vaults:2 | You pick up a book of Armaments and begin reading...
 70096 | Vaults:3 | Found a staircase to the Crypt.
 70096 | Vaults:3 | Found an ancient bone altar of Kikubaaqudgha.
 70096 | Vaults:3 | Found a basalt altar of Yredelemnul.
 70313 | Vaults:3 | a - a +7 quick blade of electrocution (weapon)
                  | {shortrare=g}
 70315 | Vaults:3 | Reached skill level 16 in Short Blades
 70315 | Vaults:3 | your +7 quick blade of electrocution {shortrare=g} stops
                  | crackling.
 70550 | Vaults:3 | a - a +7 quick blade of electrocution (weapon)
                  | {shortrare=g}
 70553 | Vaults:3 | your +7 quick blade of electrocution {shortrare=g} stops
                  | crackling.
 70849 | Vaults:3 | magus.rc [v1.9.6]
 70875 | Vaults:3 | You pick up a book of Armaments and begin reading...
 70967 | Vaults:3 | Paralysed by a formless jellyfish for 1 turns
 71066 | Vaults:3 | Reached skill level 15 in Fighting
 71066 | Vaults:3 | Reached skill level 15 in Long Blades
 71066 | Vaults:3 | Reached skill level 15 in Axes
 71066 | Vaults:3 | Reached skill level 15 in Maces & Flails
 71066 | Vaults:3 | Reached skill level 15 in Polearms
 71066 | Vaults:3 | Reached skill level 15 in Staves
 71066 | Vaults:3 | Reached skill level 15 in Ranged Weapons
 71066 | Vaults:3 | Reached skill level 15 in Throwing
 71066 | Vaults:3 | Reached skill level 15 in Armour
 71066 | Vaults:3 | Reached skill level 15 in Shields
 71066 | Vaults:3 | Reached skill level 15 in Unarmed Combat
 71066 | Vaults:3 | Reached skill level 15 in Evocations
 71375 | Vaults:3 | o - a +0 eveningstar of protection {macerare=g}
 71577 | Vaults:4 | Received a gift from Nemelex Xobeh
 71710 | Vaults:4 | Reached skill level 13 in Transmutations
 72119 | Vaults:4 | Noticed a golden dragon
 72125 | Vaults:4 | Killed a golden dragon
 72125 | Vaults:4 | Identified +0 gold dragon scales
 72129 | Vaults:4 | Reached XP level 23. HP: 166/181 MP: 29/42
 72131 | Vaults:4 | Reached skill level 14 in Shapeshifting
 72171 | Vaults:4 | Reached skill level 14 in Earth Magic
 72393 | Vaults:4 | You pick up a book of Spatial Translocations and begin
                  | reading...
 72393 | Vaults:4 | You add the spells Blink and Momentum Strike to your
                  | library.
 72397 | Vaults:4 | Learned a level 2 spell: Blink
 72536 | Vaults:4 | Reached skill level 16 in Spellcasting
 72540 | Vaults:4 | Reached skill level 13 in Conjurations
 72540 | Vaults:4 | Reached skill level 13 in Hexes
 72540 | Vaults:4 | Reached skill level 13 in Summonings
 72540 | Vaults:4 | Reached skill level 13 in Necromancy
 72540 | Vaults:4 | Reached skill level 13 in Translocations
 72540 | Vaults:4 | Reached skill level 13 in Fire Magic
 72540 | Vaults:4 | Reached skill level 13 in Ice Magic
 72540 | Vaults:4 | Reached skill level 13 in Air Magic
 72540 | Vaults:4 | Reached skill level 13 in Poison Magic
 73722 | Depths:1 | Entered Level 1 of the Depths
 73729 | Depths:1 | a - a +7 quick blade of electrocution (weapon)
                  | {shortrare=g}
 73737 | Depths:1 | your +7 quick blade of electrocution {shortrare=g} stops
                  | crackling.
 73744 | Depths:1 | a - a +7 quick blade of electrocution (weapon)
                  | {shortrare=g}
 73746 | Depths:1 | your +7 quick blade of electrocution {shortrare=g} stops
                  | crackling.
 73748 | Depths:1 | Reached skill level 16 in Dodging
 73748 | Depths:1 | Noticed a pearl dragon
 73752 | Depths:1 | Killed a pearl dragon
 73752 | Depths:1 | Identified +0 pearl dragon scales
 73947 | Depths:1 | W - +0 pearl dragon scales {rare=g}
 73968 | D:15     | You finish putting on your +0 pearl dragon scales {rare=g}.
 73973 | D:15     | You finish taking off your +0 pearl dragon scales {rare=g}.
 73988 | D:15     | You finish putting on your +0 pearl dragon scales {rare=g}.
 73993 | D:15     | You finish taking off your +0 pearl dragon scales {rare=g}.
 74019 | Depths:1 | your +7 quick blade of electrocution {shortrare=g} glows
                  | red for a moment.
 74041 | D:15     | You drop a +0 eveningstar of protection {macerare=g}.
 74042 | D:15     | You drop +0 pearl dragon scales {rare=g}.
 74136 | Depths:1 | Found a glowing silver altar of Zin.
 74136 | Depths:1 | Found a white marble altar of Elyvilon.
 74136 | Depths:1 | Found a glowing golden altar of the Shining One.
 74310 | Depths:1 | Found a one-way gateway to a ziggurat.
 74397 | Depths:1 | Reached skill level 17 in Short Blades
 74474 | Depths:1 | Reached skill level 16 in Stealth
 74496 | Depths:1 | a - a +8 quick blade of electrocution (weapon)
                  | {shortrare=g}
 74499 | Depths:1 | your +8 quick blade of electrocution {shortrare=g} stops
                  | crackling.
 74633 | Depths:1 | Found a gateway to Hell.
 74859 | Depths:1 | Found a one-way gate to the infinite horrors of the Abyss.
 74876 | Depths:1 | Received a gift from Nemelex Xobeh
 74961 | Depths:1 | your +8 quick blade of electrocution {shortrare=g} glows
                  | red for a moment.
 75497 | Depths:1 | Upgraded the game from 0.31-a0-836-g3ceb0a68c4 to
                  | 0.31-a0-841-g038b102fc3
 75497 | Depths:1 | magus.rc [v1.9.6]
 75499 | Depths:2 | Received a gift from Nemelex Xobeh
 75522 | Depths:2 | Noticed a golden dragon
 75536 | Depths:1 | a - a +9 quick blade of electrocution (weapon)
                  | {shortrare=g}
 75559 | Depths:1 | your +9 quick blade of electrocution {shortrare=g} stops
                  | crackling.
 75720 | Depths:2 | a - a +9 quick blade of electrocution (weapon)
                  | {shortrare=g}
 75728 | Depths:1 | your +9 quick blade of electrocution {shortrare=g} stops
                  | crackling.
 75835 | Depths:2 | a - a +9 quick blade of electrocution (weapon)
                  | {shortrare=g}
 75843 | Depths:2 | Noticed Nikola
 75850 | Depths:2 | Killed Nikola
 75970 | Depths:1 | your +9 quick blade of electrocution {shortrare=g} stops
                  | crackling.
 76184 | Depths:2 | a - a +9 quick blade of electrocution (weapon)
                  | {shortrare=g}
 76197 | Depths:2 | Reached skill level 17 in Invocations
 76640 | Depths:2 | +0 storm dragon scales {rare}; a storm dragon corpse
 76674 | Depths:2 | Noticed a juggernaut
 76817 | Depths:2 | Noticed a golden dragon
 76826 | Depths:2 | Killed a golden dragon
 76826 | Depths:2 | Identified +0 gold dragon scales
 76879 | Depths:2 | Reached XP level 24. HP: 191/191 MP: 16/43
 76884 | Depths:2 | Identified +0 gold dragon scales
 76951 | Depths:2 | Killed a juggernaut
 77078 | Depths:2 | Reached skill level 16 in Fighting
 77078 | Depths:2 | Reached skill level 16 in Long Blades
 77078 | Depths:2 | Reached skill level 16 in Axes
 77078 | Depths:2 | Reached skill level 16 in Maces & Flails
 77078 | Depths:2 | Reached skill level 16 in Polearms
 77078 | Depths:2 | Reached skill level 16 in Staves
 77078 | Depths:2 | Reached skill level 16 in Ranged Weapons
 77078 | Depths:2 | Reached skill level 16 in Throwing
 77078 | Depths:2 | Reached skill level 16 in Armour
 77078 | Depths:2 | Reached skill level 16 in Shields
 77078 | Depths:2 | Reached skill level 16 in Unarmed Combat
 77078 | Depths:2 | Reached skill level 16 in Evocations
 77161 | Depths:2 | your +9 quick blade of electrocution {shortrare=g} stops
                  | crackling.
 77198 | Depths:2 | Reached skill level 18 in Short Blades
 77271 | Depths:2 | a - a +9 quick blade of electrocution (weapon)
                  | {shortrare=g}
 77273 | Depths:2 | your +9 quick blade of electrocution {shortrare=g} stops
                  | crackling.
 77306 | Depths:2 | Noticed a juggernaut
 77315 | Depths:2 | Killed a juggernaut
 77603 | Depths:2 | quicksilver dragon scales {rare}; a quicksilver dragon
                  | corpse
 77603 | Depths:2 | W - quicksilver dragon scales {rare}
 77628 | Depths:2 | You finish putting on your quicksilver dragon scales
                  | {rare}.
 77633 | Depths:2 | You finish taking off your quicksilver dragon scales
                  | {rare}.
 77648 | Depths:2 | You finish putting on your quicksilver dragon scales
                  | {rare}.
 78351 | Depths:2 | You pick up a book of Frost and begin reading...
 78544 | Depths:2 | Reached skill level 14 in Transmutations
 78544 | Depths:2 | Reached skill level 15 in Shapeshifting
 78686 | Depths:2 | a - a +9 quick blade of electrocution (weapon)
                  | {shortrare=g}
 78763 | Depths:2 | your +9 quick blade of electrocution {shortrare=g} stops
                  | crackling.
 79040 | Depths:2 | Found Zistru Sappo's Weapon Boutique.
 79324 | Depths:2 | Received a gift from Nemelex Xobeh
 79592 | Depths:2 | You pick up a book of Annihilations and begin reading...
 79592 | Depths:2 | You add the spells Chain Lightning, Fire Storm and Shatter
                  | to your library.
 79639 | Depths:2 | Reached skill level 17 in Spellcasting
 79734 | Depths:2 | Found a one-way gate leading to the halls of Pandemonium.
 79812 | Depths:2 | your quicksilver dragon scales {rare} melds into your body.
 79816 | Depths:2 | your quicksilver dragon scales {rare} unmelds from your
                  | body.
 80082 | Depths:2 | a - a +9 quick blade of electrocution (weapon)
                  | {shortrare=g}
 80122 | Depths:2 | your +9 quick blade of electrocution {shortrare=g} stops
                  | crackling.
 80203 | Depths:3 | a - a +9 quick blade of electrocution (weapon)
                  | {shortrare=g}
 80204 | Depths:3 | your +9 quick blade of electrocution {shortrare=g} stops
                  | crackling.
 80227 | Depths:3 | Reached skill level 17 in Dodging
 80256 | Depths:3 | Reached skill level 14 in Conjurations
 80256 | Depths:3 | Reached skill level 14 in Hexes
 80256 | Depths:3 | Reached skill level 14 in Summonings
 80256 | Depths:3 | Reached skill level 14 in Necromancy
 80256 | Depths:3 | Reached skill level 14 in Translocations
 80256 | Depths:3 | Reached skill level 14 in Fire Magic
 80256 | Depths:3 | Reached skill level 14 in Ice Magic
 80256 | Depths:3 | Reached skill level 14 in Air Magic
 80256 | Depths:3 | Reached skill level 14 in Poison Magic
 80256 | Depths:3 | a - a +9 quick blade of electrocution (weapon)
                  | {shortrare=g}
 80268 | Depths:3 | your +9 quick blade of electrocution {shortrare=g} stops
                  | crackling.
 80457 | Depths:3 | Identified the ring "Les Zirgh" {Will- EV+5 Int+4}
 80476 | Depths:3 | a - a +9 quick blade of electrocution (weapon)
                  | {shortrare=g}
 80485 | Depths:3 | your +9 quick blade of electrocution {shortrare=g} stops
                  | crackling.
 80555 | Depths:3 | Reached skill level 15 in Earth Magic
 80648 | Depths:3 | Reached skill level 17 in Stealth
 80741 | Depths:3 | You pick up a book of the Tundra and begin reading...
 80741 | Depths:3 | You add the spells Summon Ice Beast and Simulacrum to your
                  | library.
 80858 | Depths:3 | Reached XP level 25. HP: 197/199 MP: 29/44
 80990 | Depths:3 | Received a gift from Nemelex Xobeh
 81563 | Depths:4 | Entered Level 4 of the Depths
 81592 | Depths:4 | a - a +9 quick blade of electrocution (weapon)
                  | {shortrare=g}
 81595 | Depths:4 | your +9 quick blade of electrocution {shortrare=g} stops
                  | crackling.
 81719 | Depths:4 | Reached skill level 18 in Invocations
 81721 | Depths:4 | Reached skill level 19 in Short Blades
 81737 | Depths:4 | a - a +9 quick blade of electrocution (weapon)
                  | {shortrare=g}
 81953 | Depths:4 | your +9 quick blade of electrocution {shortrare=g} stops
                  | crackling.
 82151 | Depths:4 | Received a gift from Nemelex Xobeh
 82251 | Depths:4 | Noticed a caustic shrike
 82255 | Depths:4 | Noticed a caustic shrike
 82255 | Depths:4 | Noticed a caustic shrike
 82255 | Depths:4 | Noticed a caustic shrike
 82260 | Depths:4 | Noticed a caustic shrike
 82267 | Depths:4 | Killed a caustic shrike
 82269 | Depths:4 | Killed a caustic shrike
 82277 | Depths:4 | Killed a caustic shrike
 82277 | Depths:4 | Killed a caustic shrike
 82280 | Depths:4 | Killed a caustic shrike
 82981 | Depths:4 | Found a gate to the Realm of Zot.
 83424 | Depths:3 | Received a gift from Nemelex Xobeh
 83553 | Depths:3 | You pick up a book of Armaments and begin reading...
 83566 | Depths:4 | Learned a level 7 spell: Haunt
 83582 | Depths:4 | magus.rc [v1.9.6]
 83917 | Vaults:4 | Gained mutation: Your body sometimes deteriorates upon
                  | taking damage. [potion of mutation]
 83917 | Vaults:4 | Gained mutation: You passively map a small area around you.
                  | [potion of mutation]
 83919 | Vaults:4 | Lost mutation: Your body sometimes deteriorates upon taking
                  | damage. [potion of mutation]
 83919 | Vaults:4 | Lost mutation: You passively map a small area around you.
                  | [potion of mutation]
 83919 | Vaults:4 | Gained mutation: You are strong-willed. (Will+) [potion of
                  | mutation]
 83923 | Vaults:5 | Entered Level 5 of the Vaults
 84017 | Vaults:5 | a - a +9 quick blade of electrocution (weapon)
                  | {shortrare=g}
 84021 | Vaults:5 | your +9 quick blade of electrocution {shortrare=g} stops
                  | crackling.
 84174 | Vaults:5 | a - a +9 quick blade of electrocution (weapon)
                  | {shortrare=g}
 84178 | Vaults:5 | your +9 quick blade of electrocution {shortrare=g} stops
                  | crackling.
 84179 | Vaults:5 | Reached skill level 17 in Fighting
 84179 | Vaults:5 | Reached skill level 17 in Long Blades
 84179 | Vaults:5 | Reached skill level 17 in Axes
 84179 | Vaults:5 | Reached skill level 17 in Maces & Flails
 84179 | Vaults:5 | Reached skill level 17 in Polearms
 84179 | Vaults:5 | Reached skill level 17 in Staves
 84179 | Vaults:5 | Reached skill level 17 in Ranged Weapons
 84179 | Vaults:5 | Reached skill level 17 in Throwing
 84179 | Vaults:5 | Reached skill level 17 in Armour
 84179 | Vaults:5 | Reached skill level 17 in Shields
 84179 | Vaults:5 | Reached skill level 17 in Unarmed Combat
 84179 | Vaults:5 | Reached skill level 17 in Evocations
 84190 | Vaults:5 | a - a +9 quick blade of electrocution (weapon)
                  | {shortrare=g}
 84198 | Vaults:5 | your +9 quick blade of electrocution {shortrare=g} stops
                  | crackling.
 84267 | Vaults:5 | Noticed an ancient lich
 84284 | Vaults:5 | a - a +9 quick blade of electrocution (weapon)
                  | {shortrare=g}
 84286 | Vaults:5 | Killed an ancient lich
 84301 | Vaults:5 | your +9 quick blade of electrocution {shortrare=g} stops
                  | crackling.
 84356 | Vaults:5 | a - a +9 quick blade of electrocution (weapon)
                  | {shortrare=g}
 84361 | Vaults:5 | your +9 quick blade of electrocution {shortrare=g} stops
                  | crackling.
 84371 | Vaults:5 | Identified the +3 morningstar "Jazih" {spect, Int+3}
 85157 | Vaults:5 | Identified the +5 falchion "Ewuatzih" {chaos, Dex+3}
 85215 | Vaults:5 | Noticed Boris
 85221 | Vaults:5 | Killed Boris
 85222 | Vaults:5 | Reached skill level 20 in Short Blades
 85224 | Vaults:5 | Reached XP level 26. HP: 208/208 MP: 44/44
 85370 | Vaults:5 | your quicksilver dragon scales {rare} melds into your body.
 85504 | Vaults:5 | Got a glossy book
 85514 | Vaults:5 | You pick up a book of Air and begin reading...
 85514 | Vaults:5 | You add the spells Shock and Airstrike to your library.
 85554 | Vaults:5 | your quicksilver dragon scales {rare} unmelds from your
                  | body.
 85570 | Vaults:5 | your quicksilver dragon scales {rare} melds into your body.
 85657 | Vaults:5 | a - a +9 quick blade of electrocution (weapon)
                  | {shortrare=g}
 85662 | Vaults:5 | your +9 quick blade of electrocution {shortrare=g} stops
                  | crackling.
 85774 | Vaults:5 | a - a +9 quick blade of electrocution (weapon)
                  | {shortrare=g}
 85790 | Vaults:5 | Reached skill level 16 in Shapeshifting
 85852 | Vaults:5 | your +9 quick blade of electrocution {shortrare=g} stops
                  | crackling.
 85869 | Vaults:5 | You pick up a book of Spatial Translocations and begin
                  | reading...
 85888 | Vaults:5 | You pick up a book of the Wilderness and begin reading...
 85888 | Vaults:5 | You add the spells Summon Forest and Summon Cactus Giant to
                  | your library.
 85938 | Vaults:5 | Reached skill level 18 in Spellcasting
 86063 | Vaults:5 | a - a +9 quick blade of electrocution (weapon)
                  | {shortrare=g}
 86067 | Vaults:5 | your +9 quick blade of electrocution {shortrare=g} stops
                  | crackling.
 86083 | Vaults:5 | Reached skill level 15 in Transmutations
 86257 | Vaults:5 | Identified the ring "Ymnug" {*Corrode MP+9 Int+5 SInv}
 86263 | Vaults:5 | Noticed Sojobo
 86264 | Vaults:5 | Reached skill level 18 in Dodging
 86264 | Vaults:5 | Killed Sojobo
 86394 | Vaults:5 | Got a silver rune of Zot
 86398 | Vaults:5 | Identified the +2 pair of gloves of Xeluh {Str+4}
 86404 | Vaults:5 | your quicksilver dragon scales {rare} unmelds from your
                  | body.
 86420 | Vaults:5 | your quicksilver dragon scales {rare} melds into your body.
 86424 | Vaults:5 | your quicksilver dragon scales {rare} unmelds from your
                  | body.
 86429 | Vaults:5 | your quicksilver dragon scales {rare} melds into your body.
 86498 | Vaults:5 | a - a +9 quick blade of electrocution (weapon)
                  | {shortrare=g}
 86499 | Vaults:5 | your +9 quick blade of electrocution {shortrare=g} stops
                  | crackling.
 86504 | Vaults:5 | Received a gift from Nemelex Xobeh
 86955 | Crypt:1  | Entered Level 1 of the Crypt
 87097 | Crypt:1  | a - a +9 quick blade of electrocution (weapon)
                  | {shortrare=g}
 87105 | Crypt:1  | Noticed Mennas
 87116 | Crypt:1  | Reached skill level 18 in Stealth
 87116 | Crypt:1  | Reached skill level 19 in Invocations
 87124 | Crypt:1  | Killed Mennas
 87197 | Crypt:1  | Received a gift from Nemelex Xobeh
 87266 | Crypt:1  | You pick up a book of Burglary and begin reading...
 87278 | Crypt:1  | Reached skill level 15 in Conjurations
 87278 | Crypt:1  | Reached skill level 15 in Hexes
 87278 | Crypt:1  | Reached skill level 15 in Summonings
 87278 | Crypt:1  | Reached skill level 15 in Necromancy
 87278 | Crypt:1  | Reached skill level 15 in Translocations
 87278 | Crypt:1  | Reached skill level 15 in Fire Magic
 87278 | Crypt:1  | Reached skill level 15 in Ice Magic
 87278 | Crypt:1  | Reached skill level 15 in Air Magic
 87278 | Crypt:1  | Reached skill level 15 in Poison Magic
 87512 | Crypt:1  | Your damage rating with your +9 quick blade of
                  | electrocution {shortrare=g} is about 18 (Base 4 x 125%
                  | (Dex) x 182% (Skill) + 9 (Ench)).
 87890 | Crypt:2  | Reached skill level 16 in Earth Magic
 87900 | Crypt:2  | Identified the +1 ring mail "Ojinaapp" {rElec Str-2 Int+8}
 88050 | Crypt:2  | Received a gift from Nemelex Xobeh
 88239 | Crypt:2  | Noticed a curse skull
 89354 | Snake:4  | Found Ivobruh's Jewellery Boutique.
 89354 | Snake:4  | Found Faghugog's Book Emporium.
 89355 | Snake:4  | Found Adikegui's Book Emporium.
 89363 | Snake:4  | Bought the amulet of Ulailux {RegenMP rF+ rC+ Regen+ Dex+4}
                  | for 772 gold pieces
 89538 | Snake:4  | Reached skill level 21 in Short Blades
 89546 | Snake:4  | Killed Mlioglotl
 89679 | Snake:4  | Reached XP level 27. HP: 217/217 MP: 45/45
 89755 | Snake:4  | Reached skill level 18 in Fighting
 89755 | Snake:4  | Reached skill level 18 in Long Blades
 89755 | Snake:4  | Reached skill level 18 in Axes
 89755 | Snake:4  | Reached skill level 18 in Maces & Flails
 89755 | Snake:4  | Reached skill level 18 in Polearms
 89755 | Snake:4  | Reached skill level 18 in Staves
 89755 | Snake:4  | Reached skill level 18 in Ranged Weapons
 89755 | Snake:4  | Reached skill level 18 in Throwing
 89755 | Snake:4  | Reached skill level 18 in Armour
 89755 | Snake:4  | Reached skill level 18 in Shields
 89755 | Snake:4  | Reached skill level 18 in Unarmed Combat
 89755 | Snake:4  | Reached skill level 18 in Evocations
 89851 | Snake:4  | Got a serpentine rune of Zot
 90112 | Snake:4  | Learned a level 8 spell: Maxwell's Capacitive Coupling
 90125 | Snake:4  | Killed Vashnia
 90721 | Zot:1    | Entered Level 1 of the Realm of Zot
 90836 | Zot:2    | Identified the +4 double sword of Aclaago {speed, Int+5}
 90875 | Zot:2    | Identified +9 gold dragon scales
 90875 | Zot:2    | Noticed Parghit
 90880 | Zot:2    | Killed Parghit
 91005 | Zot:2    | 3 large rocks {=fthrowing}; +9 gold dragon scales {rare}
 91028 | Zot:2    | Received a gift from Nemelex Xobeh
 91087 | Zot:3    | Noticed an orb of fire
 91108 | Zot:3    | Killed an orb of fire
 91141 | Zot:3    | +0 storm dragon scales {rare}; a storm dragon corpse
 91181 | Zot:3    | Identified the +11 dagger "Tudied" {drain, Contam +Blink
                  | rCorr}
 91206 | Zot:3    | You add the spells Scorch and Flame Wave to your library.
 91206 | Zot:3    | Got a mumbling book
 91386 | Zot:5    | Entered Level 5 of the Realm of Zot
 91923 | Zot:5    | magus.rc [v1.9.6]
 91940 | Zot:5    | Noticed a dread lich
 91943 | Zot:5    | Killed a dread lich
 91945 | Zot:5    | Noticed a dread lich
 91948 | Zot:5    | Noticed an orb of fire
 91948 | Zot:5    | Killed a dread lich
 91948 | Zot:5    | Noticed a dread lich
 91957 | Zot:5    | Gained mutation: You occasionally lose the ability to read
                  | scrolls when taking damage. [an orb of fire]
 91959 | Zot:5    | Killed a dread lich
 91972 | Zot:5    | Gained mutation: You sometimes lose the ability to read
                  | scrolls when taking damage. [an orb of fire]
 91976 | Zot:5    | Killed an orb of fire
 91977 | Zot:5    | Reached skill level 17 in Shapeshifting
 91997 | Zot:5    | Noticed an electric golem
 92012 | Zot:5    | Killed an electric golem
 92013 | Zot:5    | Reached skill level 19 in Spellcasting
 92018 | Zot:5    | Lost mutation: You are strong-willed. (Will+) [potion of
                  | mutation]
 92018 | Zot:5    | Lost mutation: You sometimes lose the ability to read
                  | scrolls when taking damage. [potion of mutation]
 92018 | Zot:5    | Gained mutation: You have supernaturally acute eyesight.
                  | (SInv) [potion of mutation]
 92018 | Zot:5    | Gained mutation: Your spells are a little easier to cast,
                  | but a little less powerful. [potion of mutation]
 92019 | Zot:5    | Lost mutation: You occasionally lose the ability to read
                  | scrolls when taking damage. [potion of mutation]
 92019 | Zot:5    | Lost mutation: You have supernaturally acute eyesight.
                  | (SInv) [potion of mutation]
 92019 | Zot:5    | Gained mutation: You are vulnerable to cold. (rC-) [potion
                  | of mutation]
 92049 | Zot:5    | Received a gift from Nemelex Xobeh
 92080 | Zot:5    | Reached skill level 16 in Fire Magic
 92083 | Zot:5    | Reached skill level 22 in Short Blades
 92083 | Zot:5    | Reached skill level 20 in Invocations
 92085 | Zot:5    | Noticed an orb of fire
 92095 | Zot:5    | Noticed an orb of fire
 92098 | Zot:5    | Gained mutation: Potions are less effective at restoring
                  | your health. [an orb of fire]
 92100 | Zot:5    | Gained mutation: You occasionally lose the ability to read
                  | scrolls when taking damage. [an orb of fire]
 92102 | Zot:5    | Gained mutation: Your magical capacity is low. (-10% MP)
                  | [an orb of fire]
 92103 | Zot:5    | Gained mutation: Your body sometimes deteriorates upon
                  | taking damage. [an orb of fire]
 92104 | Zot:5    | Noticed a dread lich
 92106 | Zot:5    | Gained mutation: You are dopey. (Int -2) [an orb of fire]
 92106 | Zot:5    | Gained mutation: You are very dopey. (Int -4) [an orb of
                  | fire]
 92107 | Zot:5    | Killed an orb of fire
 92108 | Zot:5    | Reached skill level 19 in Dodging
 92114 | Zot:5    | Killed a dread lich
 92122 | Zot:5    | Killed an orb of fire
 92149 | Zot:5    | Lost mutation: Your magical capacity is low. (-10% MP)
                  | [potion of mutation]
 92149 | Zot:5    | Lost mutation: Your spells are a little easier to cast, but
                  | a little less powerful. [potion of mutation]
 92149 | Zot:5    | Gained mutation: Your muscles are strong. (Str +4, Int/Dex
                  | -1) [potion of mutation]
 92150 | Zot:5    | Lost mutation: You are vulnerable to cold. (rC-) [potion of
                  | mutation]
 92150 | Zot:5    | Lost mutation: You are very dopey. (Int -4) [potion of
                  | mutation]
 92150 | Zot:5    | Gained mutation: You have a pair of small horns on your
                  | head. [potion of mutation]
 92150 | Zot:5    | Gained mutation: Your body often deteriorates upon taking
                  | damage. [potion of mutation]
 92221 | Zot:5    | Reached skill level 19 in Stealth
 92225 | Zot:5    | Noticed a dread lich
 92232 | Zot:5    | Reached skill level 16 in Transmutations
 92233 | Zot:5    | Killed a dread lich
 92381 | Zot:5    | your quicksilver dragon scales {rare} unmelds from your
                  | body.
 92385 | Zot:5    | Got the Orb of Zot
 92636 | Depths:2 | Noticed Boris
 92646 | Depths:2 | Killed Boris
 92765 | D:15     | Noticed Gastalid the pandemonium lord
 93022 | D:4      | Identified +2 pearl dragon scales
 93022 | D:4      | Noticed a seraph
 93121 | D:$      | Escaped with the Orb!

Vanquished Creatures
  An ancient lich (Vaults:5)
  2 dread liches (Zot:5)
  2 orbs of fire (Zot:5)
  Bai Suzhen (Swamp:3)
  2 caustic shrikes (Depths:4)
  2 golden dragons
  Nikola (Depths:2)
  Zenata (Vaults:1)
  2 tentacled monstrosities
  2 liches
  A quicksilver dragon (Vaults:5)
  2 titans (Vaults:5)
  Asterion (Elf:3)
  A deep elf master archer (Elf:3)
  A walking frostbound tome (Depths:2)
  A quicksilver dragon (shapeshifter) (Vaults:5)
  3 deep elf blademasters (Elf:3)
  4 Orb Guardians (Zot:5)
  A death cob (Zot:1)
  A sphinx (Depths:2)
  2 thorn hunters
  Kirke (Snake:3)
  2 tengu reavers
  An azure jelly (IceCv)
  Roxanne (Swamp:3)
  2 revenants (Crypt:2)
  A draconian monk (Zot:3)
  3 storm dragons
  A nagaraja (Snake:1)
  A fenstrider witch (Swamp:4)
  2 vault wardens
  3 fire giants
  6 deep elf sorcerers
  2 draconian scorchers
  4 deep elf elementalists
  An orc warlord (Orc:2)
  A ghoul (Crypt:1)
  A draconian annihilator (Depths:4)
  3 very ugly things
  A caustic shrike skeleton (Crypt:1)
  4 quicksilver oozes
  A formless jellyfish (Vaults:3)
  3 spriggan defenders
  A broodmother (Zot:1)
  An ironbound preserver (Vaults:1)
  5 vampire knights
  An apis (Depths:1)
  2 ironbound thunderhulks (Vaults:3)
  A green draconian (Zot:5)
  4 deep elf demonologists
  2 stone giants
  A black draconian (Zot:2)
  3 eleionomae
  3 red draconians
  2 deep elf annihilators (Elf:3)
  4 spark wasps
  2 yellow draconians
  3 bunyips
  4 deep elf death magi
  An eidolon (Crypt:2)
  2 ettins
  2 shambling mangroves
  2 yaktaur captains
  A deep elf high priest (Elf:3)
  5 fire dragons
  Josephine (D:12)
  3 jiangshi
  2 great orbs of eyes
  5 salamander tyrants
  6 vault guards
  2 ice dragons
  13 hydras
  4 alligators
  10 anacondas
  7 ogre magi
  2 ironbound frosthearts (Vaults:1)
  2 catoblepae
  7 centaur warriors
  A ghost crab (Swamp:4)
  21 two-headed ogres
  A radroach (Swamp:3)
  2 spriggan air magi (Depths:3)
  20 dancing weapons
  2 tengu warriors
  4 deep troll shamans
  6 naga warriors
  2 vampire magi
  2 orc high priests (Elf:3)
  5 shock serpents
  A hell knight (Depths:2)
  11 deep elf knights
  11 salamander mystics
  A skyshark (Lair:5)
  2 sun demons
  9 naga sharpshooters
  Nergalle (D:12)
  7 skeletal warriors
  5 goliath frogs
  3 naga ritualists
  An orb spider (shapeshifter) (Depths:2)
  2 spriggan druids
  6 deep trolls
  An iron troll (Depths:4)
  A storm dragon skeleton (Crypt:1)
  A shadow demon (D:5)
  4 glowing orange brains
  3 flayed ghosts
  A swamp dragon (shapeshifter) (Elf:3)
  6 lindwurms (Vaults:2)
  3 bog bodies
  2 harpies
  4 ironbound convokers
  A spectral hydra (Swamp:4)
  6 deep elf archers
  4 swamp dragons
  2 wizards
  4 phantasmal warriors
  3 oklob plants (Swamp:4)
  28 deep elf zephyrmancers
  2 orc knights
  21 deep elf pyromancers
  10 ugly things
  2 necromancers
  11 mana vipers
  A manticore (Lair:3)
  3 cyclopes
  7 will-o-the-wisps
  3 orc sorcerers (Orc:2)
  9 moths of wrath
  An anaconda skeleton (Crypt:2)
  19 salamanders
  13 elephants (Lair:5)
  A rust devil (Depths:2)
  34 black mambas
  2 ice statues (IceCv)
  4 naga magi
  3 guardian serpents
  3 smoke demons
  2 gargoyles (D:12)
  3 unseen horrors
  20 cane toads
  3 vault sentinels
  An eye of devastation (Swamp:4)
  6 komodo dragons
  A large abomination (Depths:3)
  3 kobold demonologists
  4 rime drakes
  3 efreet
  A yaktaur (Vaults:1)
  A freezing wraith (Crypt:1)
  2 harpy zombies (Crypt:2)
  An unseen horror skeleton (Crypt:2)
  A death drake zombie (Swamp:4)
  A hydra zombie (Swamp:4)
  5 tengu conjurers
  A bloated husk (Swamp:4)
  3 polar bears
  2 trolls
  9 tyrant leeches
  Prince Ribbit (D:8)
  A wind drake (Lair:3)
  2 death drake skeletons (Swamp:4)
  A dream sheep (shapeshifter) (Elf:1)
  8 dream sheep (Lair:3)
  5 hornets
  9 blink frogs
  17 slime creatures
  2 air elementals
  A shadow (D:11)
  3 spriggans (Swamp:2)
  3 humans (D:14)
  A wyvern (D:5)
  A water elemental (Elf:1)
  3 wraiths
  22 yaks
  A spriggan (shapeshifter) (Elf:1)
  3 hogs (Snake:3)
  Grum (Lair:1)
  A basilisk (Lair:4)
  5 golden eyes
  2 fire elementals
  2 steam dragons
  A hog (shapeshifter) (D:15)
  15 vampire mosquitoes
  23 nagas
  5 wargs
  16 swamp worms
  4 acid dragons
  Menkaure (D:4)
  3 hydra simulacra (Swamp:4)
  14 water moccasins
  15 orc warriors
  A merfolk skeleton (Crypt:2)
  A floating eye (D:14)
  7 swamp drakes
  2 sky beasts
  3 swamp dragon zombies (Swamp:4)
  27 ogres
  4 boggarts (Lair:3)
  2 black bears
  10 wolves
  23 centaurs
  A lindwurm skeleton (Crypt:2)
  5 phantoms (D:4)
  5 kobold brigands
  21 bullfrogs
  A gnoll sergeant (D:11)
  5 scorpions
  A glowing shapeshifter simulacrum (IceCv)
  3 wights (D:9)
  An earth elemental (Elf:3)
  A wyvern skeleton (Crypt:2)
  A two-headed ogre simulacrum (D:12)
  A killer bee (D:10)
  6 electric eels
  3 howler monkeys
  5 lava snakes
  12 orc priests
  4 jellies
  4 hounds
  3 iguanas (D:5)
  3 scorpion zombies (D:4)
  2 sleepcaps
  17 orc wizards
  A troll simulacrum (D:12)
  A shapeshifter simulacrum (IceCv)
  A wolf simulacrum (D:12)
  2 hound skeletons (D:4)
  A howler monkey zombie (D:4)
  10 adders
  14 gnolls
  2 naga simulacra (D:12)
  2 shadow imps
  2 white imps
  9 nameless horrors
  An ufetubus (D:5)
  3 adder zombies (D:4)
  A jelly zombie (Crypt:2)
  3 adder skeletons (D:4)
  3 worms
  3 dart slugs
  78 orcs
  9 endoplasms
  4 giant cockroaches
  11 goblins
  6 hobgoblins
  8 quokkas
  5 ball pythons
  2 bats
  2 frilled lizards (D:1)
  35 kobolds
  5 rats
  A foxfire (Swamp:4)
1219 creatures vanquished.

Vanquished Creatures (collateral kills)
  3 dread liches (Zot:5)
  2 orbs of fire
  2 juggernauts (Depths:2)
  Mennas (Crypt:1)
  Sojobo (Vaults:5)
  Boris (twice) (Vaults:5 Depths:2)
  Parghit (Zot:2)
  Saint Roka (Snake:4)
  2 Killer Klowns (Zot:5)
  Vashnia (Snake:4)
  3 caustic shrikes (Depths:4)
  5 golden dragons
  A pearl dragon (Depths:1)
  An electric golem (Zot:5)
  Jorgrun (Snake:2)
  2 tentacled monstrosities
  Mlioglotl (Snake:4)
  17 Orb Guardians
  A walking crystal tome (Depths:2)
  9 sphinxes
  3 liches (Depths:2)
  A walking frostbound tome (Depths:2)
  4 quicksilver dragons
  8 titans
  An Executioner (Depths:3)
  An ancient champion (Crypt:2)
  An acid blob (shapeshifter) (Vaults:5)
  A death cob (Zot:1)
  2 thorn hunters (Swamp:4)
  4 shadow dragons
  2 draconian monks
  5 storm dragons
  11 tengu reavers
  Aizul (Snake:3)
  A fenstrider witch (Swamp:3)
  2 deep elf sorcerers
  6 nagarajas
  An azure jelly (D:14)
  A revenant (Crypt:1)
  17 vault wardens
  A draconian knight (Zot:1)
  2 fire giants
  A balrug (Depths:3)
  3 draconian scorchers
  Louise (Snake:3)
  7 frost giants
  A deep elf elementalist (Elf:3)
  A hydra skeleton (Swamp:4)
  3 draconian annihilators
  An orc warlord (Vaults:2)
  16 ironbound preservers
  6 ghouls
  6 ironbound thunderhulks
  2 war gargoyles
  The ghost of Xuruvid the Thrower, a journeyman GnWn of Cheibriados (D:14)
  17 stone giants
  16 very ugly things
  An ophan (Depths:1)
  2 demonspawn black suns (Zot:3)
  7 vampire knights
  A deep elf demonologist (Elf:3)
  2 green draconians
  A white draconian (Depths:4)
  4 dire elephants
  3 deep elf annihilators (Elf:3)
  2 black draconians (Depths:4)
  5 purple draconians
  A bunyip (Swamp:4)
  6 spark wasps
  A red draconian (Zot:2)
  3 yellow draconians
  17 ettins
  3 eidola
  11 fire dragons
  2 deep elf high priests
  13 yaktaur captains
  A green death (Depths:2)
  4 entropy weavers
  3 deep elf death magi
  6 jiangshi
  7 great orbs of eyes
  A salamander tyrant (Snake:4)
  2 ogre magi (Vaults:5)
  2 rakshasas
  23 vault guards
  12 ice dragons
  A fenstrider witch zombie (Crypt:1)
  Erolcha (Orc:1)
  7 ironbound frosthearts
  A catoblepas (D:15)
  2 sphinx zombies
  4 alligators
  A death knight (Crypt:2)
  5 anacondas
  10 dancing weapons
  3 boulder beetles
  7 centaur warriors
  4 two-headed ogres (Vaults:5)
  13 naga warriors
  13 deep troll earth magi
  4 tengu warriors
  9 deep troll shamans
  3 vampire magi (Depths:2)
  2 large abominations (Depths:3)
  2 deep elf knights
  A storm dragon zombie (Depths:2)
  8 hell knights
  8 naga sharpshooters
  A spriggan berserker (Depths:2)
  6 iron trolls
  3 titan skeletons
  25 skeletal warriors
  A shadow wraith (Crypt:2)
  5 salamander mystics
  A skyshark (Lair:4)
  A death drake (Swamp:3)
  A deep troll (shapeshifter) (Depths:4)
  4 flayed ghosts
  3 swamp dragons
  52 deep trolls
  A deep elf archer (Vaults:5)
  3 lindwurms
  3 spriggan druids
  4 glowing orange brains
  2 bog bodies
  An obsidian statue (Vaults:2)
  2 spectral hydras (Swamp:4)
  5 phantasmal warriors
  6 naga ritualists
  13 ironbound convokers
  2 wizards
  4 necromancers
  A deep elf pyromancer (Elf:2)
  A shadow dragon skeleton (Crypt:1)
  2 mana vipers (Snake:3)
  A goliath frog zombie (Crypt:2)
  5 deep elf zephyrmancers
  A shining eye (shapeshifter) (Depths:1)
  7 orc knights
  A will-o-the-wisp (Swamp:4)
  2 orc sorcerers
  23 ugly things
  2 frost giant zombies
  2 manticores
  A sphinx simulacrum (Vaults:4)
  13 salamanders
  2 cyclopes
  7 moths of wrath
  A tengu skeleton (Depths:1)
  4 black mambas (Snake:3)
  A rust devil (Depths:2)
  A fire giant skeleton (Crypt:1)
  A guardian serpent (Snake:4)
  6 naga magi
  A centaur zombie (Crypt:1)
  An eye of devastation (D:14)
  21 vault sentinels
  A cane toad (shapeshifter) (Vaults:4)
  2 smoke demons
  An alligator snapping turtle zombie (Crypt:2)
  A dire elephant skeleton (Crypt:1)
  A freezing wraith (Crypt:2)
  2 human zombies (Vaults:4)
  27 yaktaurs
  A yaktaur (shapeshifter) (Vaults:5)
  4 guardian mummies (Depths:3)
  2 red devils
  4 tengu conjurers
  A white draconian skeleton (Crypt:1)
  2 ice devils (Depths:2)
  A tengu simulacrum (Depths:1)
  A hellwing (D:9)
  A troll (Orc:1)
  3 harpy skeletons
  6 wraiths
  26 slime creatures
  A culicivora (Vaults:3)
  A fire bat (Snake:4)
  A spriggan (Swamp:4)
  5 nameless horrors
  A yak (D:12)
  A fire elemental (D:14)
  A wyvern (Snake:4)
  5 redbacks
  2 neqoxecs (Depths:2)
  A redback (shapeshifter) (Depths:1)
  13 nagas
  A swamp worm (Swamp:1)
  2 glowing shapeshifter skeletons
  A floating eye (shapeshifter) (Vaults:2)
  A naga skeleton (Crypt:2)
  8 orc warriors
  A swamp drake (Swamp:4)
  4 ogres
  A boggart (Snake:4)
  A great orb of eyes simulacrum (IceCv)
  A swamp dragon zombie (Swamp:4)
  A human skeleton (Vaults:4)
  2 wolves (Lair:1)
  2 necrophages (Crypt:1)
  A cane toad simulacrum (D:12)
  4 glowing shapeshifter simulacra (IceCv)
  A cyclops skeleton (Crypt:2)
  2 orc priests
  An orc wizard (Vaults:5)
  2 troll simulacra (D:12)
  3 shapeshifter simulacra (IceCv)
  A deep dwarf skeleton (Crypt:1)
  4 mummies (Depths:3)
  3 orcs
  A ball python skeleton (Crypt:1)
  A dart slug zombie (Crypt:2)
  17 boulders
913 creatures vanquished.

Vanquished Creatures (others)
  80 eldritch tentacles
  A thorn hunter (Swamp:1)
  A fire giant (Depths:3)
  A war gargoyle (Vaults:5)
  3 hydras
  A two-headed ogre (Vaults:5)
  An alligator (Swamp:1)
  A vampire mage (Depths:2)
  2 bog bodies
  A swamp dragon (Swamp:1)
  A deep elf zephyrmancer (Elf:1)
  A necromancer (Depths:2)
  A stone giant zombie (Depths:2)
  2 cane toads
  Maggie (Lair:1)
  A nameless horror (Depths:2)
  A komodo dragon (Lair:4)
  2 bloated husks
  2 trolls
  A hornet (D:9)
  4 blink frogs (Lair:1)
  4 slime creatures (IceCv)
  2 wyverns
  2 humans (Snake:3)
  30 yaks
  A basilisk (Lair:2)
  A swamp worm (Lair:3)
  3 water moccasins
  4 orc warriors (D:9)
  10 wolves
  A slime creature simulacrum (IceCv)
  A centaur (D:9)
  A kobold brigand (D:8)
  A gnoll sergeant (D:8)
  4 wights (D:9)
  A glowing shapeshifter simulacrum (IceCv)
  An iguana (D:7)
  A boggart skeleton (Crypt:1)
  5 gnolls
  5 orcs
  A kobold (D:8)
  17 boulders
  659 foxfires
864 creatures vanquished.

Grand Total: 2996 creatures vanquished

Table legend:
 A = Non-vault XP
 B = Vault XP
 C = Vault XP percentage of total XP
 D = Non-vault monster count
 E = Vault monster count
 F = Vault count percentage of total count
                 A         B        C        D         E       F
            +---------+---------+-------+---------+---------+-------
      Total |  644749 |  669480 |  50.9 |    1369 |     814 |  37.3
            +---------+---------+-------+---------+---------+-------
        D:1 |      38 |       0 |   0.0 |      21 |       0 |   0.0
        D:2 |      34 |       0 |   0.0 |      12 |       0 |   0.0
        D:3 |      83 |      15 |  15.3 |      19 |       8 |  29.6
        D:4 |     572 |     773 |  57.5 |      36 |      17 |  32.1
        D:5 |     932 |       0 |   0.0 |      32 |       0 |   0.0
        D:6 |     703 |       0 |   0.0 |      10 |       0 |   0.0
        D:7 |     469 |       0 |   0.0 |       8 |       0 |   0.0
        D:8 |    1443 |    1188 |  45.2 |      35 |       8 |  18.6
        D:9 |    2061 |    1436 |  41.1 |      32 |      24 |  42.9
       D:10 |    2623 |     117 |   4.3 |      16 |       2 |  11.1
       D:11 |    3687 |       0 |   0.0 |      16 |       0 |   0.0
       D:12 |    7750 |    3036 |  28.1 |      25 |      15 |  37.5
       D:13 |    5832 |       0 |   0.0 |      19 |       0 |   0.0
       D:14 |   10105 |   13033 |  56.3 |      23 |      20 |  46.5
       D:15 |   19214 |    1752 |   8.4 |      47 |       2 |   4.1
     Lair:1 |    8753 |    2069 |  19.1 |      37 |      10 |  21.3
     Lair:2 |    2786 |       0 |   0.0 |      15 |       0 |   0.0
     Lair:3 |    9561 |    3538 |  27.0 |      39 |      17 |  30.4
     Lair:4 |    5395 |    1547 |  22.3 |      18 |       3 |  14.3
     Lair:5 |   12212 |    8554 |  41.2 |      30 |      31 |  50.8
    Swamp:1 |   11739 |       0 |   0.0 |      20 |       0 |   0.0
    Swamp:2 |   13371 |       0 |   0.0 |      26 |       0 |   0.0
    Swamp:3 |   12798 |    6091 |  32.2 |      21 |       4 |  16.0
    Swamp:4 |   14719 |   21671 |  59.6 |      22 |      40 |  64.5
    Snake:1 |    9082 |    1306 |  12.6 |      16 |       2 |  11.1
    Snake:2 |   31847 |    5134 |  13.9 |      62 |       7 |  10.1
    Snake:3 |   21578 |   17303 |  44.5 |      40 |      23 |  36.5
    Snake:4 |   17648 |   38486 |  68.6 |      38 |      56 |  59.6
      Orc:1 |    3242 |     865 |  21.1 |      27 |       1 |   3.6
      Orc:2 |    4675 |   16643 |  78.1 |      39 |      39 |  50.0
      Elf:1 |   12300 |   12312 |  50.0 |      19 |      18 |  48.6
      Elf:2 |   12739 |   20871 |  62.1 |      20 |      28 |  58.3
      Elf:3 |   18446 |   33981 |  64.8 |      38 |      29 |  43.3
   Vaults:1 |   19116 |   31134 |  62.0 |      31 |      33 |  51.6
   Vaults:2 |   22289 |   23904 |  51.7 |      38 |      40 |  51.3
   Vaults:3 |   11125 |   12169 |  52.2 |      17 |      14 |  45.2
   Vaults:4 |   21657 |   28010 |  56.4 |      30 |      34 |  53.1
   Vaults:5 |   29837 |  106826 |  78.2 |      42 |      85 |  66.9
    Crypt:1 |   26487 |    3874 |  12.8 |      40 |       1 |   2.4
    Crypt:2 |   41501 |       0 |   0.0 |      61 |       0 |   0.0
   Depths:1 |   40000 |    8378 |  17.3 |      52 |       7 |  11.9
   Depths:2 |   31290 |  105609 |  77.1 |      39 |      91 |  70.0
   Depths:3 |   42893 |    9348 |  17.9 |      51 |      19 |  27.1
   Depths:4 |   40215 |   15248 |  27.5 |      35 |      15 |  30.0
      Zot:1 |    3699 |    6229 |  62.7 |       5 |       5 |  50.0
      Zot:2 |    6083 |    3034 |  33.3 |       6 |       1 |  14.3
      Zot:3 |    7322 |   12404 |  62.9 |       8 |       8 |  50.0
      Zot:4 |    4484 |       0 |   0.0 |       4 |       0 |   0.0
      Zot:5 |   13482 |   85317 |  86.4 |      16 |      33 |  67.3
      IceCv |    4832 |    6275 |  56.5 |      16 |      24 |  60.0
            +---------+---------+-------+---------+---------+-------

Skill      XL: |  1  2  3  4  5  6  7  8  9 10 11 12 13 14 15 16 17 18 19 20 21 22 23 24 25 26 27 |
---------------+----------------------------------------------------------------------------------+-----
Transmutations | 2 3 4 5 6 7 8 9 10 11 12 13 14 15 16 | 16.0
Spellcasting   | 5 6 7 8 9 10 11 12 13 14 15 16 17 18 19 | 19.2
Invocations    | 1 2 3 4 5 6 7 8 9 10 11 12 13 14 15 16 17 18 19 20 | 20.2
Fighting       | 1 2 3 4 5 6 7 9 10 11 12 13 14 15 16 17 18 | 18.6
Short Blades   | 1 2 3 4 5 6 7 9 10 11 12 13 15 16 17 18 20 21 22 | 22.2
Long Blades    | 1 2 3 4 5 6 7 9 10 11 12 13 14 15 16 17 18 | 18.6
Axes           | 1 2 3 4 5 6 7 9 10 11 12 13 14 15 16 17 18 | 18.6
Maces & Flails | 1 2 3 4 5 6 7 9 10 11 12 13 14 15 16 17 18 | 18.6
Polearms       | 1 2 3 4 5 6 7 9 10 11 12 13 14 15 16 17 18 | 18.6
Staves         | 1 2 3 4 5 6 7 9 10 11 12 13 14 15 16 17 18 | 18.6
Ranged Weapons | 1 2 3 4 5 6 7 9 10 11 12 13 14 15 16 17 18 | 18.6
Throwing       | 1 2 3 4 5 6 7 9 10 11 12 13 14 15 16 17 18 | 18.6
Armour         | 1 2 3 4 5 6 7 9 10 11 12 13 14 15 16 17 18 | 18.6
Shields        | 1 2 3 4 5 6 7 9 10 11 12 13 14 15 16 17 18 | 18.6
Unarmed Combat | 1 2 3 4 5 6 7 9 10 11 12 13 14 15 16 17 18 | 18.6
Evocations     | 1 2 3 4 5 6 7 9 10 11 12 13 14 15 16 17 18 | 18.6
Shapeshifting  | 1 2 3 4 5 6 7 8 9 10 11 12 13 14 15 16 17 | 17.2
Conjurations   | 1 2 3 4 5 6 7 8 9 10 11 12 13 14 15 | 15.9
Hexes          | 1 2 3 4 5 6 7 8 9 10 11 12 13 14 15 | 15.9
Summonings     | 1 2 3 4 5 6 7 8 9 10 11 12 13 14 15 | 15.9
Necromancy     | 1 2 3 4 5 6 7 8 9 10 11 12 13 14 15 | 15.9
Translocations | 1 2 3 4 5 6 7 8 9 10 11 12 13 14 15 | 15.9
Fire Magic     | 1 2 3 4 5 6 7 8 9 10 11 12 13 14 15 16 | 16.3
Ice Magic      | 1 2 3 4 5 6 7 8 9 10 11 12 13 14 15 | 15.9
Air Magic      | 1 2 3 4 5 6 7 8 9 10 11 12 13 14 15 | 15.9
Poison Magic   | 1 2 3 4 5 6 7 8 9 10 11 12 13 14 15 | 15.9
Dodging        | 5 6 7 8 9 10 11 12 13 14 15 16 17 18 19 | 19.1
Stealth        | 5 6 7 8 9 10 11 12 13 14 15 16 17 18 19 | 19.0
Earth Magic    | 6 7 8 9 10 11 12 13 14 15 16 | 16.7

Action                     |  1- 3 |  4- 6 |  7- 9 | 10-12 | 13-15 | 16-18 | 19-21 | 22-24 | 25-27 || total
---------------------------+-------+-------+-------+-------+-------+-------+-------+-------+-------++-------
  Melee: Long sword        |       |    14 |    82 |    74 |       |       |       |       |       ||   170
         Bite              |       |       |     6 |    11 |    66 |    22 |    17 |    28 |   140 ||   290
         Punch             |       |       |     2 |       |       |       |       |       |       ||     2
         Quarterstaff      |       |       |       |    10 |   341 |    57 |    27 |       |       ||   435
         Staff             |       |       |       |       |       |    44 |     6 |       |       ||    50
         Quick blade       |       |       |       |       |       |       |    34 |   136 |   613 ||   783
         Headbutt          |       |       |       |       |       |       |       |       |    32 ||    32
   Fire: Sling             |       |       |       |       |       |       |   119 |    51 |    10 ||   180
  Throw: Dart              |       |       |       |     8 |     2 |       |       |       |       ||    10
   Cast: Sandblast         |    47 |    43 |     7 |    17 |       |       |       |       |       ||   114
         Foxfire           |       |    76 |   177 |   111 |     3 |       |       |       |       ||   367
         Stone Arrow       |       |       |    47 |   136 |   201 |   279 |   193 |    15 |    11 ||   882
         Summon Guardian G |       |       |    17 |    52 |    35 |     9 |     1 |       |     1 ||   115
         Brom's Barrelling |       |       |       |    10 |    45 |     6 |       |       |       ||    61
         Swiftness         |       |       |       |     1 |     1 |     1 |       |       |       ||     3
         Freezing Cloud    |       |       |       |       |    90 |   115 |    80 |    12 |    10 ||   307
         Borgnjor's Vile C |       |       |       |       |    83 |   158 |   145 |    76 |    65 ||   527
         Summon Mana Viper |       |       |       |       |    26 |    76 |    51 |     4 |     7 ||   164
         Plasma Beam       |       |       |       |       |       |       |    34 |    23 |    10 ||    67
         Spellforged Servi |       |       |       |       |       |       |    30 |   107 |   130 ||   267
         Malign Gateway    |       |       |       |       |       |       |     7 |    33 |    39 ||    79
         Haunt             |       |       |       |       |       |       |       |       |     7 ||     7
 Invoke: Draw Destruction  |       |       |       |    10 |    21 |    39 |    15 |       |       ||    85
         Draw Summoning    |       |       |       |     1 |     5 |    11 |     3 |     6 |     7 ||    33
         Triple Draw       |       |       |       |       |     1 |       |       |       |       ||     1
         Draw Stack        |       |       |       |       |       |     3 |     1 |       |       ||     4
         Stack Five        |       |       |       |       |       |     1 |       |       |     1 ||     2
         Draw Escape       |       |       |       |       |       |       |     1 |       |       ||     1
         Deal Four         |       |       |       |       |       |       |       |       |     1 ||     1
  Evoke: Wand              |       |     1 |       |     5 |     4 |     2 |     6 |       |     6 ||    24
         Phantom mirror    |       |       |       |       |     1 |     2 |     1 |       |     2 ||     6
         Phial of floods   |       |       |       |       |       |     1 |       |     1 |     2 ||     4
         Sack of spiders   |       |       |       |       |       |       |       |     1 |       ||     1
         Condenser vane    |       |       |       |       |       |       |       |       |     1 ||     1
    Use: Scroll            |       |     4 |     1 |    18 |     4 |     4 |     7 |     8 |    19 ||    65
         Potion            |       |       |       |       |     3 |       |     1 |     2 |    19 ||    25
   Stab: Sleeping          |       |       |     1 |     4 |       |       |       |       |     4 ||     9
         Petrified         |       |       |       |       |     1 |     1 |       |       |       ||     2
         Distracted        |       |       |       |       |     2 |     2 |     1 |     1 |     8 ||    14
         Petrifying        |       |       |       |       |       |       |     2 |       |       ||     2
 Armour: Robe              |     2 |    17 |    34 |    16 |    14 |       |   134 |    71 |       ||   288
         Steam dragon scal |       |       |       |    52 |   107 |       |       |       |       ||   159
         Leather armour    |       |       |       |       |    53 |   146 |     6 |       |       ||   205
         Swamp dragon scal |       |       |       |       |       |    80 |    45 |       |       ||   125
         Quicksilver drago |       |       |       |       |       |       |       |    24 |    60 ||    84
         Skin              |       |       |       |       |       |       |       |       |   267 ||   267
  Dodge: Dodged            |     8 |    41 |   136 |   212 |   520 |   372 |   272 |   178 |   474 ||  2213
  Block: Buckler           |       |       |       |    44 |       |    94 |    75 |    85 |   283 ||   581
   Form: Statue            |       |       |       |       |       |     2 |       |     1 |     4 ||     7
                           |       |       |       |       |       |     2 |       |     1 |     4 ||     7

Illustrated notes

Table legend:
 A = Kills in this place as a percentage of kills in the entire game.
 B = Kills by you in this place as a percentage of kills by you in the entire game.
 C = Kills by friends in this place as a percentage of kills by friends in the entire game.
 D = Other kills in this place as a percentage of other kills in the entire game.
 E = Experience gained in this place as a percentage of experience gained in the entire game.
 F = Experience gained in this place divided by the number of levels of this place that you have seen.
                   A       B       C       D       E      F
               +-------+-------+-------+-------+-------+----------------------
         Total | 100.0 | 100.0 | 100.0 | 100.0 | 100.0 | 25022.8
       Dungeon |  20.6 |  30.6 |   3.9 |  47.0 |   6.0 | 5301.7
          Lair |   9.1 |  13.3 |   0.3 |  36.0 |   4.1 | 10883.0
         Swamp |   6.0 |   8.8 |   2.6 |   4.0 |   6.1 | 20097.2
     Snake Pit |  11.1 |  12.8 |  10.0 |   0.0 |  10.7 | 35596.0
  Orcish Mines |   4.8 |   7.9 |   1.1 |   0.0 |   1.9 | 12712.5
   Elven Halls |   6.9 |  10.4 |   2.9 |   0.0 |   8.3 | 36883.0
        Vaults |  16.6 |   4.2 |  34.9 |   2.0 |  23.1 | 61213.4
         Crypt |   4.6 |   2.3 |   8.2 |   1.0 |   5.4 | 35931.0
        Depths |  14.5 |   5.5 |  27.9 |   4.0 |  22.6 | 75065.0
           Zot |   4.0 |   2.7 |   6.2 |   0.0 |  10.9 | 28824.8
      Ice Cave |   1.8 |   1.4 |   1.9 |   6.0 |   0.8 | 11107.0
               +-------+-------+-------+-------+-------+----------------------

Table legend: (Time is in decaauts)
 A = Elapsed time spent in this place.
 B = Non-inter-level travel time spent in this place.
 C = Inter-level travel time spent in this place.
 D = Time resting spent in this place.
 E = Time spent auto-exploring this place.
 F = Levels seen in this place.
 G = Mean time per level.
                   A        B        C        D        E       F      G
               +--------+--------+--------+--------+--------+-----+--------+
         Total |  96856 |  87212 |   9644 |  23409 |  45713 |  53 | 1827.5 |
       Dungeon |  26292 |  21865 |   4427 |   3905 |  14043 |  15 | 1752.8 |
        Temple |     13 |     13 |      0 |      0 |      0 |   1 |   13.0 |
          Lair |  11179 |   9835 |   1344 |   2764 |   5194 |   5 | 2235.8 |
         Swamp |   8791 |   8511 |    280 |   3750 |   3537 |   4 | 2197.8 |
     Snake Pit |   9767 |   9422 |    345 |   2943 |   4947 |   4 | 2441.8 |
  Orcish Mines |   3576 |   3103 |    473 |   1384 |   1133 |   2 | 1788.0 |
   Elven Halls |   8564 |   8223 |    341 |   2566 |   4078 |   3 | 2854.7 |
        Vaults |  12329 |  11357 |    972 |   1980 |   6516 |   5 | 2465.8 |
         Crypt |   2221 |   2112 |    109 |    277 |   1265 |   2 | 1110.5 |
        Depths |  10050 |   8847 |   1203 |   2634 |   4016 |   4 | 2512.5 |
           Zot |   2515 |   2369 |    146 |    586 |    630 |   5 |  503.0 |
        Bazaar |    106 |    106 |      0 |      0 |     55 |   1 |  106.0 |
         Trove |    102 |    102 |      0 |      0 |      0 |   1 |  102.0 |
      Ice Cave |   1344 |   1344 |      0 |    617 |    296 |   1 | 1344.0 |
               +--------+--------+--------+--------+--------+-----+--------+

Top non-repeatable levels by time:
   Elf:3: 4308 daAuts
 Swamp:3: 4125 daAuts
Vaults:5: 3667 daAuts
Depths:2: 3210 daAuts
Depths:1: 3008 daAuts
    D:14: 3001 daAuts
  Lair:1: 2882 daAuts
 Snake:3: 2828 daAuts
    D:15: 2826 daAuts
     D:4: 2728 daAuts
 Snake:2: 2642 daAuts
Vaults:1: 2582 daAuts
   Elf:2: 2573 daAuts
   Orc:2: 2542 daAuts
Vaults:2: 2459 daAuts
